 Dungeon Crawl Stone Soup version 0.19-a0-747-g9c36c40 (webtiles) character file.

16730283 AvylaarBelgium the Annihilator (level 27, 197/197 HPs)
             Began as a Deep Elf Conjurer on Oct 8, 2015.
             Was the Champion of Vehumet.
             Escaped with the Orb
             ... and 15 runes on June 24, 2016!
             The game lasted 15:46:02 (93928 turns).

AvylaarBelgium the Annihilator (Deep Elf Conjurer) Turns: 93928, Time: 15:46:02

Health: 197/197    AC: 16    Str:  8    XL:     27
Magic:  14/65      EV: 36    Int: 34    God:    Vehumet [******]
Gold:   15522      SH:  9    Dex: 15    Spells: 11 memorised, 6 levels left

rFire  + + +     SeeInvis +     (no weapon)
rCold  . . .     Gourm    .     T - +1 robe of the Blizzard {*Contam rElec rF++ rN+}
rNeg   + + +     Faith    .     x - +3 buckler {reflect}
rPois  ∞         Spirit   .     y - +2 helmet {Int+3}
rElec  +         Dismiss  .     b - +2 cloak of Starlight {rElec rC+ EV+4 Stlth--}
rCorr  .         Reflect  +     Y - +1 pair of gloves of Muqid {+Fly rC- SInv}
SustAt .         Harm     .     p - +1 pair of boots of the Pirate {rN+}
MR     ++++.                    w - amulet of magic regeneration
Stlth  +++.......               E - ring "Wefef" {MR+ MP+9 Stlth+}
                                h - ring "Qielup" {Fire +Inv rElec Stlth+}

@: lich-form, corroded, very slightly contaminated, hasted, deflect missiles,
very quick, incredibly resistant to hostile enchantments, fairly stealthy
A: slimy green scales 1, deformed body, sense surroundings 1, screaming 1
a: End Transformation, Renounce Religion, Evoke Invisibility, Evoke Flight
0: Orb of Zot
}: 15/15 runes: serpentine, barnacled, slimy, silver, golden, iron, obsidian,
icy, bone, abyssal, demonic, glowing, magical, fiery, dark


You escaped.
You worshipped Vehumet.
Vehumet was exalted by your worship.
You were not hungry.
You were a lich.
You visited 18 branches of the dungeon, and saw 95 of its levels.
You visited Pandemonium 1 time, and saw 33 of its levels.
You visited the Abyss 2 times.
You visited 2 ziggurats (completing 1), and saw 32 of their levels.
You also visited: Ice Cave and Volcano.

You collected 18980 gold pieces.
You spent 3458 gold pieces at shops.

Inventory:

Hand Weapons
 g - the +6 sword of Cerebov {flame}
   (You took it off Cerebov in Pandemonium)

   It has been specially enchanted to burn those struck by it, causing extra
   injury to most foes and up to half again as much damage against particularly
   susceptible opponents.
   Big, fiery blades are also staple armaments of hydra-hunters.
 i - the +7 sceptre of Asmodeus
   (You took it off Asmodeus on level 7 of Gehenna)
 s - the +4 staff of Dispater
   (You took it off Dispater on level 7 of the Iron City of Dis)
 Z - the +10 greatsling of Growth {flame, *Corrode rC+++ MR+}
   (You found it in Pandemonium)

   It causes projectiles fired from it to burn those they strike, causing extra
   injury to most foes and up to half again as much damage against particularly
   susceptible opponents.
   It renders you almost immune to cold.
   It affects your resistance to hostile enchantments.
   It may corrode you when you take damage.
Armour
 b - the +2 cloak of Starlight (worn) {rElec rC+ EV+4 Stlth--}
   (You found it on level 6 of the Pits of Slime)

   It affects your evasion (+4).
   It protects you from cold.
   It insulates you from electricity.
   It makes you much less stealthy.
 k - the +11 crystal plate armour of the Bard {MR+ rCorr Dex-4}
   (You acquired it in Pandemonium)

   It affects your dexterity (-4).
   It affects your resistance to hostile enchantments.
   It protects you from acid and corrosion.
 p - the +1 pair of boots of the Pirate (worn) {rN+}
   (You found it on level 5 of the Vaults)

   It protects you from negative energy.
 x - a +3 buckler of reflection (worn)
 y - a +2 helmet of intelligence (worn)
 P - the +2 leather armour of Gestures {+Fly rCorr MP+9 Dex+4}
   (You found it on level 3 of the Depths)

   It affects your dexterity (+4).
   It affects your magic capacity (+9).
   It lets you fly.
   It protects you from acid and corrosion.
 T - the +1 robe of the Blizzard (worn) {*Contam rElec rF++ rN+}
   (You found it in Pandemonium)

   It greatly protects you from fire.
   It insulates you from electricity.
   It protects you from negative energy.
   It causes magical contamination when unequipped.
 Y - the +1 pair of gloves of Muqid (worn) {+Fly rC- SInv}
   (You found it on level 10 of a ziggurat)

   It makes you vulnerable to cold.
   It lets you see invisible.
   It lets you fly.
Magical Staves
 Q - an uncursed staff of energy
Jewellery
 f - the ring of Day {*Tele rC+ Int+4 Dex-4}
   (You found it on level 25 of a ziggurat)

   [ring of teleportation]

   It may teleport you next to monsters.
   It affects your intelligence (+4).
   It affects your dexterity (-4).
   It protects you from cold.
 h - the ring "Qielup" (left hand) {Fire +Inv rElec Stlth+}
   (You found it on level 1 of the Abyss)

   [ring of fire]

   It enhances your fire magic, and weakens your ice magic.
   It protects you from fire.
   It makes you vulnerable to cold.
   It insulates you from electricity.
   It lets you turn invisible.
   It makes you more stealthy.
 r - the ring of Upsew {rElec MR++ MP+9 Str-5 Int+2}
   (You found it on level 3 of the Shoals)

   [ring of magical power]

   It affects your strength (-5).
   It affects your intelligence (+2).
   It insulates you from electricity.
   It affects your resistance to hostile enchantments.
   It affects your magic capacity (+9).
 w - an amulet of magic regeneration (around neck)
 B - the amulet "Faiwoic" {Dismiss rF+ Str+2}
   (You found it on level 7 of Tartarus)

   [amulet of dismissal]

   It may teleport away creatures that harm you.
   It affects your strength (+2).
   It protects you from fire.
 E - the ring "Wefef" (right hand) {MR+ MP+9 Stlth+}
   (You found it on level 6 of a ziggurat)

   [ring of magical power]

   It affects your resistance to hostile enchantments.
   It affects your magic capacity (+9).
   It makes you more stealthy.
 G - the amulet of Vitality {Regen+ HP+15}
   (You found it on level 20 of a ziggurat)

   [amulet of regeneration]

   It affects your health (+15).
   It increases your rate of regeneration.
 R - the ring of Winter {rCorr rElec rC+ Dex+7}
   (You found it on level 1 of the Tomb of the Ancients)

   [ring of resist corrosion]

   It affects your dexterity (+7).
   It protects you from cold.
   It insulates you from electricity.
Wands
 e - a wand of teleportation (9/9)
 u - a wand of digging (15/24)
 K - a wand of heal wounds (8/9)
Scrolls
 a - 2 scrolls of identify
 l - 29 scrolls of remove curse
 t - a scroll of silence
 v - 7 scrolls of enchant armour
 A - 15 scrolls of fog
 D - 20 scrolls of recharging
 I - 3 scrolls of brand weapon
 J - 4 scrolls of summoning
 L - 11 scrolls of fear
 M - 3 scrolls of blinking
 N - 14 scrolls of teleportation
 V - a scroll of immolation
Potions
 d - 25 potions of curing
 j - 5 potions of haste
 n - 13 potions of heal wounds
 o - 2 potions of agility
 q - 5 potions of cancellation (quivered)
 z - a potion of ambrosia
 C - 4 potions of resistance
 H - 11 potions of cure mutation
 U - 6 potions of brilliance
Miscellaneous
 F - a fan of gales
 O - 7 phantom mirrors
 S - a crystal ball of energy
 W - a disc of storms
 X - the horn of Geryon
Comestibles
 c - 3 bread rations
 m - 32 meat rations


   Skills:
 + Level 26.6 Fighting
 - Level 17.0 Armour
 O Level 27 Dodging
 - Level 21.2 Stealth
 - Level 7.7 Shields
 O Level 27 Spellcasting
 O Level 27 Conjurations
 - Level 13.8 Charms
 - Level 14.2 Summonings
 O Level 27 Necromancy
 - Level 16.7 Transmutations
 O Level 27 Fire Magic
 - Level 24.4 Air Magic
 - Level 16.6 Earth Magic
 - Level 20.0 Evocations


You had 6 spell levels left.
You knew the following spells:

 Your Spells              Type           Power        Failure   Level  Hunger
a - Fire Storm            Conj/Fire      ########..   1%          9    N/A
b - Regeneration          Chrm/Necr      ########..   0%          3    N/A
c - Blink                 Tloc           N/A          1%          2    N/A
d - Tornado               Air            ########..   1%          9    N/A
e - Lehudib's Crystal Sp  Conj/Erth      ########..   1%          8    N/A
h - Haste                 Chrm           #######.     1%          6    N/A
k - Deflect Missiles      Chrm/Air       ########..   1%          6    N/A
l - Spellforged Servitor  Conj/Summ      ########..   1%          7    N/A
n - Necromutation         Tmut/Necr      ########..   1%          8    N/A
o - Borgnjor's Revivific  Necr           ########..   1%          8    N/A
x - Death's Door          Chrm/Necr      ########..   1%          8    N/A

Dungeon Overview and Level Annotations

Branches:
Dungeon (15/15)            Temple (1/1) D:4            Lair (8/8) D:9
 Shoals (4/4) Lair:4        Snake (4/4) Lair:4        Slime (6/6) Lair:8
    Orc (4/4) D:11            Elf (3/3) Orc:4        Vaults (5/5) D:13
  Crypt (3/3) Vaults:2       Tomb (3/3) Crypt:3      Depths (5/5) D:15
   Hell (1/1)                 Dis (7/7) Hell            Geh (7/7) Hell
    Coc (7/7) Hell            Tar (7/7) Hell            Zot (5/5) Depths:5

Altars:
Ashenzari
Cheibriados
Dithmenos
Elyvilon
Fedhas
Gozag
Kikubaaqudgha
Makhleb
Nemelex Xobeh
Okawaru
Qazlal
Ru
Trog
Vehumet
Xom
Yredelemnul
Zin
The Shining One
Beogh
Lugonu

Shops:
D:15 [[   Orc:3 *   Orc:4 *([:   Elf:2 ?   Shoals:3 [}:   Snake:3 ?
Vaults:2 *   Vaults:4 ?   Depths:1 [   Depths:5 ?:

Portals:
Hell: Depths:1 Depths:2 Depths:3 Depths:4 Depths:5
Abyss: Depths:2 Depths:4
Pandemonium: Depths:3
Ziggurat: D:1


Innate Abilities, Weirdness & Mutations

You are partially covered in slimy green scales. (AC +2)
Armour fits poorly on your strangely shaped body.
You passively map a small area around you.
You occasionally shout uncontrollably at your foes.


Message History

Press: ? - help, Dir - move target cursor, f/p - Erirey
Aim: Erirey (flame, heavily wounded)
Okay, then.
Erirey hits your fire vortex!!
Unknown command.
Your fire vortex closely misses Erirey.
Your fire vortex hits Erirey.
Your fire vortex dissipates!
Your fire vortex completely misses Erirey.
Your fire vortex hits Erirey.
Your fire vortex dissipates!
Erirey hits your fire vortex!!
Your fire vortex dissipates!
There is a gate leading back out of this place here.
You see here a staff of death.
Are you sure you want to leave this ziggurat?
Welcome back to the Dungeon! x2
There is an empty arch of ancient stone here.
There is a staircase leading out of the dungeon here.
You can't go down here!
You have escaped!

#.# #.#... #.#
######.#### #.#
#.......... #.#
#.######### #.# #.#
#.# #.# #.# #.#
#########.#######.#
#...'(..∩∩L.....'.#
###################


There were no monsters in sight!

Vanquished Creatures
  Antaeus (Coc:7)
  Asmodeus (Geh:7)
  the Royal Jelly (Slime:6)
  Ereshkigal (Tar:7)
  Dissolution (Slime:5)
  Gloorx Vloq (Pan)
  Lom Lobon (Pan)
  A seraph (Pan)
  Khufu (Tomb:1)
  5 orbs of fire
  11 ancient liches
  34 greater mummies
  12 juggernauts
  12 pandemonium lords
  14 shard shrikes
  Frederick (Vaults:3)
  Margery (Vaults:2)
  Xtahua (Crypt:3)
  A Killer Klown (Zot:5)
  3 caustic shrikes
  Jory (Crypt:1)
  Geryon (Hell)
  A curse toe (Zot:3)
  A profane servitor (Zig:27)
  13 golden dragons
  4 iron giants (Dis:7)
  6 bone dragons
  3 electric golems
  Jorgrun (Vaults:2)
  4 doom hounds
  15 Tzitzimimeh
  6 hellephants
  17 Brimstone Fiends
  8 tentacled monstrosities
  19 Ice Fiends
  28 Orb Guardians
  The ghost of emikaela the Grand Gadgeteer, an adept NaWn of Pakellas (Shoals:4)
  14 Hell Sentinels
  A quicksilver dragon (Zig:8)
  8 titans
  25 liches
  3 deep elf blademasters
  12 sphinxes
  A kraken (Abyss:5)
  29 acid blobs
  35 Executioners
  Polyphemus (Shoals:2)
  23 tentacled starspawn
  21 ancient champions
  Gastronok (D:10)
  5 death cobs
  A shadow dragon (shapeshifter) (Depths:5)
  9 shadow dragons
  16 storm dragons
  8 iron dragons
  8 draconian monks
  3 tengu reavers
  19 azure jellies
  15 revenants
  3 greater nagas
  9 blood saints
  12 frost giants
  6 daevas
  7 draconian knights
  11 fire giants
  Aizul (Snake:1)
  14 orc warlords
  7 draconian scorchers
  20 ghost moths
  6 deep elf elementalists
  5 emperor scorpions (Zig:21)
  8 deep elf sorcerers
  28 balrugs
  7 draconian shifters (Zig:22)
  16 cacodemons
  3 caustic shrike zombies (Zig:23)
  12 curse skulls
  14 vault wardens
  11 draconian zealots
  9 ghouls
  4 elemental wellsprings (Coc:7)
  11 warmongers
  A juggernaut zombie (Zig:23)
  13 angels
  A spriggan defender (Depths:2)
  54 reapers
  A caustic shrike skeleton (Zig:23)
  21 war gargoyles
  9 ironheart preservers
  13 entropy weavers
  7 draconian annihilators
  A juggernaut skeleton (Zig:4)
  5 apis (Pan)
  28 very ugly things
  6 draconian callers
  19 vampire knights
  10 corrupters
  6 ophanim (Pan)
  The ghost of MrRokkomies the Nimble, a journeyman SpEn of Hepliaklqana (D:14)
  Nessos (Lair:7)
  11 black draconians
  23 stone giants
  10 chaos champions
  4 green draconians
  8 red draconians
  15 lorocyprocas
  11 bennus
  8 dire elephants
  7 spark wasps
  13 deep elf annihilators
  11 black suns
  3 deep elf demonologists
  12 white draconians
  3 merfolk javelineers
  7 mottled draconians
  3 yellow draconians
  8 purple draconians
  13 eidola
  14 green deaths
  22 jiangshi
  7 merfolk impalers
  26 ettins
  12 deep elf death magi
  4 crystal guardians
  33 mummy priests
  Josephine (D:13)
  14 death oozes
  11 yaktaur captains
  13 fire dragons
  A quicksilver dragon zombie (Abyss:5)
  5 hell beasts
  33 small abominations
  The ghost of Vergil the Destroyer, a journeyman GrFE of Qazlal (Lair:2)
  21 blizzard demons
  9 deep elf high priests
  6 quicksilver dragon skeletons
  12 great orbs of eyes
  18 hydras
  Harold (D:11)
  7 rakshasas
  25 ice dragons
  12 monstrous demonspawn
  27 vault guards
  7 naga warriors
  4 spriggan air magi
  5 death knights
  2 ghost crabs (shapeshifter)
  7 anacondas
  A juggernaut simulacrum (Depths:3)
  12 centaur warriors
  An alligator snapping turtle (Shoals:4)
  5 catoblepae
  23 dancing weapons
  13 ogre magi
  A queen ant (shapeshifter) (Vaults:5)
  10 deep troll shamans
  16 death yaks
  2 satyrs
  6 merfolk aquamancers
  38 hell hogs
  7 tengu warriors
  69 death scarabs
  24 vampire magi
  5 titan zombies
  18 deep troll earth magi
  20 orc high priests
  31 thrashing horrors
  A shock serpent (shapeshifter) (Zig:4)
  Urug (Lair:2)
  5 shock serpents
  4 spriggan berserkers
  An iron giant zombie (Crypt:3)
  6 iron golems
  4 naga sharpshooters
  Sonja (D:13)
  42 hell knights
  16 wretched stars
  4 titan skeletons
  48 sun demons
  23 deep elf knights
  17 iron trolls
  40 soul eaters
  17 shadow wraiths
  The ghost of nataq the Fighter, a novice DsFi of Qazlal (D:8)
  6 wizards
  7 spatial maelstroms
  2 storm dragon zombies
  5 storm dragon skeletons
  An unseen horror (shapeshifter) (Zig:10)
  88 skeletal warriors
  6 sea snakes
  4 golden dragon zombies
  28 deep trolls
  14 flayed ghosts
  34 shadow demons
  A deep troll (shapeshifter) (D:15)
  2 fire crabs
  3 death drakes
  5 shadow dragon zombies
  7 cherubim (Pan)
  A swamp dragon (shapeshifter) (D:15)
  2 kraken simulacra
  5 giant orange brains
  4 unseen horrors
  An orange crystal statue (Depths:1)
  A tengu zombie (Zig:23)
  3 golden dragon skeletons
  5 anaconda zombies
  16 gelid demonspawn
  A sphinx zombie (Zig:17)
  25 ironbrand convokers
  10 putrid demonspawn
  72 starcursed masses
  3 naga ritualists
  4 anaconda skeletons
  19 torturous demonspawn (Pan)
  13 infernal demonspawn (Pan)
  12 anubis guards
  26 phantasmal warriors
  9 hill giants
  12 necromancers
  9 oklob plants
  16 deep elf archers
  64 ugly things
  A lindwurm (Lair:8)
  A tengu skeleton (Zig:17)
  2 wolf spider zombies
  20 orc knights
  6 hornets
  28 orb spiders
  18 harpies
  5 iron dragon zombies
  4 shadow dragon skeletons
  6 frost giant zombies
  19 wolf spiders
  An orb spider (shapeshifter) (D:15)
  25 orc sorcerers
  5 shining eyes
  13 mana vipers
  A moth of wrath (shapeshifter) (Zig:16)
  4 fauns
  A cyclops (shapeshifter) (D:15)
  9 manticores
  8 fire giant zombies
  6 water nymphs
  13 griffons
  8 elephants
  3 stone giant zombies
  An iron dragon skeleton (Pan)
  A hornet (shapeshifter) (Vaults:3)
  7 worldbinders
  19 moths of wrath
  6 salamanders
  4 cyclopes
  2 sphinx skeletons
  4 sirens
  4 centaur zombies
  25 black mambas
  2 frost giant skeletons
  An octopode (shapeshifter) (D:15)
  3 stone giant skeletons
  7 dire elephant zombies
  A spriggan zombie (Zig:17)
  3 fire giant skeletons
  11 guardian serpents
  27 rust devils
  Joseph (D:9)
  51 smoke demons
  6 apocalypse crabs
  8 molten gargoyles (Geh:7)
  An ice statue (Zig:3)
  9 naga magi
  13 vault sentinels
  30 sixfirhies
  A spectral swamp worm (Tar:7)
  13 torpor snails
  23 hellions
  2 shock serpent zombies
  38 orange demons
  A spiny frog (shapeshifter) (Depths:2)
  A water nymph (shapeshifter) (Depths:3)
  4 gargoyles
  5 kobold demonologists
  5 eyes of devastation
  41 yaktaurs
  16 spiny frogs
  A spark wasp simulacrum (Zig:10)
  An iron troll zombie (Crypt:3)
  11 komodo dragons
  3 komodo dragons (shapeshifter)
  10 efreet
  2 rime drakes
  33 red devils
  20 demonic crawlers
  3 tengu conjurers
  41 tormentors
  2 anaconda simulacra
  15 merfolk
  36 freezing wraiths
  53 guardian mummies
  22 hellwings
  18 ancient zymes
  9 hydra zombies
  32 ice devils
  3 meliai (D:14)
  4 spriggan druids
  A queen bee (Abyss:5)
  4 harpy zombies
  12 polar bears
  17 two-headed ogres
  12 jumping spiders
  A shadow dragon simulacrum (Abyss:5)
  A wind drake (Shoals:4)
  18 blink frogs
  3 harpy skeletons
  19 trolls
  A slime creature (shapeshifter) (Depths:3)
  51 raiju
  A snapping turtle (shapeshifter) (Vaults:5)
  3 snapping turtles
  A hydra skeleton (Hell)
  4 alligator zombies
  6 ettin zombies
  3 stone giant simulacra
  3 fire dragon zombies
  17 ushabtiu
  A human simulacrum (Vaults:1)
  9 boulder beetles
  80 flying skulls
  A black mamba zombie (Coc:2)
  2 fire dragon skeletons
  A two-headed ogre (shapeshifter) (D:13)
  94 slime creatures
  An ice dragon skeleton (Tar:7)
  6 air elementals
  5 ice dragon zombies
  2 alligator skeletons
  21 water elementals
  23 redbacks
  13 spriggans
  55 ynoxinuls
  2 spriggans (shapeshifter)
  69 deep elf magi
  3 ettin skeletons
  A dire elephant simulacrum (Hell)
  9 basilisks
  4 elf zombies
  11 tarantellas
  3 wyverns
  17 hippogriffs
  6 vampires
  16 fire elementals
  22 shadows
  4 steam dragons (Zig:8)
  A fire bat (Abyss:1)
  3 mottled dragons
  37 wraiths
  A redback (shapeshifter) (D:15)
  28 nagas
  94 yaks
  2 basilisks (shapeshifter)
  10 vampire mosquitoes
  10 golden eyes
  37 chaos spawn
  16 wargs
  32 neqoxecs
  A warg (shapeshifter) (Vaults:4)
  6 spatial vortices
  A monstrous demonspawn zombie (Crypt:3)
  A naga (shapeshifter) (Depths:3)
  26 wolves
  4 hungry ghosts
  A torturous demonspawn zombie (Crypt:3)
  7 spiny frog zombies
  16 porcupines
  16 ice beasts
  19 water moccasins
  28 hell hounds
  95 large abominations
  2 giant eyeballs
  A water moccasin (shapeshifter) (Vaults:2)
  A black bear (shapeshifter) (D:15)
  7 black bears
  2 swamp drakes (Zig:8)
  3 snapping turtle zombies
  13 eyes of draining
  2 manticore zombies
  3 spiny frog skeletons
  54 ogres
  4 sky beasts
  9 necrophages
  101 orc warriors
  5 phantoms
  4 centaurs
  5 boggarts (D:15)
  An alligator simulacrum (Hell)
  A boggart (shapeshifter) (Depths:2)
  6 wasps
  4 snapping turtle skeletons
  2 manticore skeletons
  A crocodile (shapeshifter) (Depths:1)
  24 crocodiles
  A swamp dragon skeleton (Crypt:1)
  5 big kobolds
  A giant frog (shapeshifter) (Depths:3)
  A komodo dragon zombie (Crypt:3)
  6 human skeletons
  5 earth elementals
  6 elf skeletons
  A spiny frog simulacrum (Coc:2)
  23 giant frogs
  2 wyvern zombies
  9 killer bees
  A scorpion (D:12)
  2 spriggan skeletons
  A spectral wolf (Crypt:1)
  33 wights
  5 electric eels
  2 quasits
  11 crimson imps
  5 giant frog zombies
  A jelly (D:8)
  A centaur skeleton (D:11)
  A gnoll shaman (D:8)
  34 orc priests
  Ijyb (D:3)
  A giant frog skeleton (D:8)
  7 hounds
  26 iron imps
  An iguana (shapeshifter) (Depths:3)
  7 lightning spires
  2 hell rats (Hell)
  14 worker ants
  9 iguanas
  36 orc wizards
  35 sheep
  2 ogre zombies
  A hound skeleton (D:3)
  A hound zombie (D:11)
  39 mummies
  A worker ant zombie (D:5)
  15 gnolls
  10 adders
  55 river rats
  13 white imps
  8 shadow imps
  2 ufetubi (Abyss:2)
  An ooze (D:3)
  5 worms
  5 giant geckos
  161 orcs
  6 bats
  7 giant cockroaches
  12 goblins
  7 hobgoblins
  27 kobolds
  3 quokkas
  2 ball python zombies
  A giant cockroach zombie (D:6)
  10 giant newts
  A jackal skeleton (D:4)
  An orc zombie (Dis:5)
  2 quokka zombies
  10 rats
  A river rat skeleton (Crypt:3)
  8 bushes
  A crawling corpse (Zig:27)
  4 demonic plants (Abyss:5)
  13 fire vortices
  7 fulminant prisms
  14 fungi
  6 lurking horrors
  34 plants
  10 starspawn tentacles
  5 starspawn tentacle segments (Abyss:5)
  A tentacle (Shoals:2)
5658 creatures vanquished.

Vanquished Creatures (collateral kills)
  Cerebov (Pan)
  the Serpent of Hell (Dis:7)
  Mnoleg (Pan)
  Dispater (Dis:7)
  An orb of fire (Zot:5)
  5 greater mummies
  Saint Roka (Orc:4)
  A Killer Klown (Zot:5)
  A curse toe (Crypt:3)
  2 pandemonium lords
  A profane servitor (Zig:27)
  4 bone dragons
  A doom hound (Tar:4)
  3 iron giants (Dis:7)
  A Tzitzimitl (Pan)
  4 Hell Sentinels
  An electric golem (Zot:5)
  5 Brimstone Fiends
  A hellephant (Coc:4)
  A tentacled monstrosity (Depths:5)
  3 Ice Fiends
  2 liches
  2 Orb Guardians (D:3)
  10 acid blobs
  2 tentacled starspawn (Abyss:5)
  The ghost of casual the Cloud Mage, an adept FeTm of Qazlal (Crypt:1)
  A deep elf master archer (Elf:3)
  A death cob (Zot:5)
  2 krakens
  An Executioner (Pan)
  6 storm dragons
  4 shadow dragons
  4 tengu reavers
  8 ancient champions
  Ilsuiw (Shoals:4)
  Donald (Snake:3)
  10 greater nagas
  3 azure jellies
  5 frost giants
  A fire giant (shapeshifter) (Depths:3)
  6 balrugs
  Louise (Snake:1)
  4 orc warlords
  3 fire giants
  10 vault wardens
  An emperor scorpion (Zig:21)
  A curse skull (Crypt:2)
  A draconian shifter (Zig:22)
  5 cacodemons
  2 warmongers (Pan)
  2 caustic shrike zombies
  A juggernaut zombie (Zig:17)
  A caustic shrike skeleton (Zig:23)
  2 ghouls
  A draconian caller (Zig:22)
  3 angels (Pan)
  A draconian annihilator (Abyss:5)
  7 stone giants
  2 ophanim (Pan)
  8 reapers
  6 war gargoyles
  4 ironheart preservers
  2 apis (Pan)
  10 very ugly things
  A black draconian (Zot:1)
  A vampire knight (Crypt:3)
  2 deep elf demonologists
  A corrupter (Pan)
  A spark wasp (Depths:1)
  2 dire elephants
  A chaos champion (Pan)
  A red draconian (Depths:5)
  8 deep elf annihilators
  5 merfolk javelineers (Shoals:4)
  An eidolon (Crypt:3)
  A crystal guardian (Depths:3)
  3 blizzard demons
  4 merfolk impalers (Shoals:4)
  6 ettins
  4 deep elf death magi
  2 green deaths (Pan)
  A yaktaur captain (Vaults:4)
  4 jiangshi
  A quicksilver dragon zombie (Geh:4)
  14 naga warriors
  A hydra (Zig:9)
  4 vault guards
  The ghost of blinkfrog the Cleaver, a journeyman HOGl of Uskayaw (Orc:2)
  A kraken zombie (Coc:5)
  A fire dragon (Zot:3)
  A great orb of eyes (Abyss:5)
  2 rakshasas
  2 hell beasts (Pan)
  5 ice dragons
  A catoblepas (Shoals:2)
  2 centaur warriors
  A death knight (Abyss:5)
  A merfolk avatar (Shoals:2)
  3 monstrous demonspawn (Pan)
  6 anacondas
  2 ogre magi
  9 small abominations
  2 alligator snapping turtles (Shoals:4)
  6 death scarabs (Tomb:3)
  3 merfolk aquamancers
  2 tengu warriors (Depths:1)
  7 dancing weapons
  3 thrashing horrors (Abyss:5)
  3 hell hogs
  5 shock serpents
  A spriggan berserker (Depths:2)
  12 naga sharpshooters
  A vampire mage (Crypt:3)
  A titan zombie (Zig:23)
  3 death yaks
  7 soul eaters
  A spatial maelstrom (Abyss:5)
  3 iron golems (Dis:7)
  2 storm dragon zombies
  12 deep elf knights
  4 wretched stars (Abyss:5)
  8 sun demons
  2 iron trolls
  A cherub (Pan)
  3 salamander mystics
  22 skeletal warriors
  A shadow wraith (Vaults:4)
  15 hell knights
  2 storm dragon skeletons
  6 sea snakes
  A wizard (Abyss:5)
  3 infernal demonspawn (Pan)
  7 deep trolls
  A quicksilver dragon simulacrum (Abyss:5)
  2 shadow demons (Pan)
  A gelid demonspawn (Pan)
  2 flayed ghosts
  7 naga ritualists
  A swamp dragon (shapeshifter) (Vaults:5)
  A golden dragon zombie (Tar:4)
  An anaconda zombie (Coc:6)
  5 phantasmal warriors
  A hill giant (Vaults:1)
  12 orc knights
  4 putrid demonspawn (Pan)
  5 torturous demonspawn (Pan)
  2 anaconda skeletons (Coc:4)
  5 ironbrand convokers
  2 golden dragon skeletons
  2 wolf spider zombies
  An orc sorcerer (Vaults:1)
  2 iron dragon zombies
  15 deep elf magi
  A shadow dragon zombie (Coc:4)
  A tengu skeleton (Vaults:1)
  5 deep elf archers
  An orb spider (Zig:21)
  6 harpies
  A human zombie (Vaults:1)
  29 ugly things
  2 wolf spiders
  3 fauns
  2 stone giant zombies (Coc:1)
  A necromancer (Crypt:2)
  3 shining eyes
  7 mana vipers
  A salamander (shapeshifter) (Vaults:2)
  2 hornets
  A hornet (shapeshifter) (Vaults:2)
  8 manticores
  A fire giant zombie (Coc:7)
  14 sixfirhies
  3 water nymphs
  3 iron dragon skeletons
  A moth of wrath (Zot:5)
  8 salamanders
  17 large abominations
  A cyclops (Vaults:2)
  An apis zombie (Crypt:2)
  8 griffons
  A frost giant zombie (Crypt:1)
  4 guardian serpents
  A spriggan zombie (Zig:23)
  A titan simulacrum (Vaults:4)
  7 sirens
  A frost giant skeleton (Coc:2)
  5 orange demons
  7 rust devils
  18 black mambas
  A yaktaur zombie (Vaults:4)
  9 smoke demons
  5 stone giant skeletons
  2 eyes of devastation
  A fire giant skeleton (Geh:7)
  A vault sentinel (Vaults:4)
  9 naga magi
  3 molten gargoyles (Geh:7)
  A dire elephant skeleton (Hell)
  A komodo dragon (shapeshifter) (Vaults:2)
  A kobold demonologist (D:14)
  A spectral swamp worm (Tar:7)
  13 yaktaurs
  3 demonic crawlers
  7 efreet
  2 tormentors (Pan)
  3 freezing wraiths
  2 hellwings (Pan)
  An elf skeleton (Zig:23)
  10 ice devils
  2 yaktaur skeletons
  10 guardian mummies
  5 hydra zombies
  16 red devils
  A jumping spider (shapeshifter) (Vaults:5)
  2 harpy skeletons
  2 trolls
  7 snapping turtles
  6 two-headed ogres
  A death drake skeleton (Crypt:1)
  17 merfolk
  A stone giant simulacrum (Crypt:2)
  41 slime creatures
  A hydra skeleton (Coc:4)
  7 raiju (Abyss:5)
  4 wind drakes
  A raiju (shapeshifter) (Abyss:5)
  2 ice dragon zombies
  2 alligator zombies
  3 ettin zombies
  5 boulder beetles
  6 water elementals
  15 flying skulls
  2 fire dragon skeletons (Geh:7)
  2 shadows
  2 tarantellas (Zig:21)
  4 wraiths
  A yak (Snake:1)
  5 ynoxinuls
  5 fire elementals
  A hippogriff (Shoals:3)
  3 golden eyes
  3 neqoxecs
  7 chaos spawn (Pan)
  6 wargs
  40 nagas
  7 vampire mosquitoes
  2 spatial vortices (Abyss:5)
  9 hell hounds
  6 spiny frog zombies
  A deep troll skeleton (Vaults:4)
  A faun skeleton (Crypt:3)
  A gelid demonspawn skeleton (Crypt:1)
  2 ice beasts
  An eye of draining (Abyss:5)
  20 orc warriors
  A sky beast (Abyss:1)
  13 ogres
  A manticore skeleton (Coc:1)
  5 centaurs
  An ogre (shapeshifter) (Vaults:2)
  A snapping turtle skeleton (Geh:2)
  A wolf (Crypt:1)
  3 human skeletons
  A crocodile (Lair:8)
  A big kobold (D:13)
  A draconian zombie (Crypt:3)
  An ogre simulacrum (Vaults:1)
  A giant frog (D:13)
  An earth elemental (Elf:1)
  4 killer bees (Abyss:5)
  A troll zombie (Crypt:3)
  A spectral wolf (Crypt:1)
  6 wights
  A troll skeleton (Coc:7)
  A wolf zombie (Crypt:2)
  A quasit (D:13)
  6 starcursed masses
  A centaur zombie (Abyss:5)
  4 crimson imps
  2 orc priests
  6 iron imps (Dis:7)
  13 orc wizards
  An iguana (D:14)
  2 hell rats (Hell)
  A sheep (D:15)
  A tengu zombie (Geh:3)
  2 sky beast zombies (Crypt:2)
  A naga skeleton (Geh:4)
  16 mummies
  2 shadow imps
  8 white imps
  An ufetubus (Zig:2)
  30 orcs
  A river rat zombie (Crypt:2)
  6 kobolds
  3 crawling corpses
  6 fire vortices
  5 plants
  4 starspawn tentacles (Abyss:5)
  A starspawn tentacle segment (Abyss:5)
  5 tentacles (Shoals:3)
1232 creatures vanquished.

Vanquished Creatures (others)
  A lich (Tomb:2)
  3 eldritch tentacles
  A blood saint (Zig:20)
  A warmonger (Pan)
  A stone giant (Depths:4)
  A bennu (Zig:11)
  An ettin (Depths:2)
  A centaur warrior (D:15)
  A death yak (Shoals:2)
  2 hell hogs
  A dancing weapon (Elf:2)
  11 death scarabs
  A skeletal warrior (Tomb:2)
  A hell knight (Depths:4)
  A deep troll (Vaults:2)
  A naga ritualist (Snake:4)
  A golden dragon skeleton (Tomb:3)
  An ironbrand convoker (Vaults:4)
  A deep elf mage (Elf:2)
  A manticore (Shoals:3)
  2 tormentors
  A guardian mummy (Tomb:2)
  A flying skull (Geh:7)
  A yak (Lair:8)
  A fire elemental (Hell)
  A golden eye (Abyss:5)
  A swamp dragon zombie (Tomb:2)
  An eye of draining (Slime:6)
  A centaur (D:9)
  A small abomination (Abyss:2)
  A killer bee (Abyss:5)
  A ball lightning (Tomb:2)
  A kobold zombie (Geh:7)
  2 demonic plants (Abyss:5)
  316 eldritch tentacle segments
  2036 fire vortices
  203 fulminant prisms
  7 fungi
  2 lurking horrors (Abyss:5)
  35 plants
  46 starspawn tentacles
  388 starspawn tentacle segments
  15 tentacles
  216 tentacle segments
3313 creatures vanquished.

Grand Total: 10203 creatures vanquished

Notes
Turn   | Place    | Note
--------------------------------------------------------------
     0 | D:1      | AvylaarBelgium the Deep Elf Conjurer began the quest for the Orb.
     0 | D:1      | Reached XP level 1. HP: 10/10 MP: 6/6
   371 | D:1      | Reached XP level 2. HP: 15/15 MP: 4/8
  1124 | D:1      | Reached skill level 5 in Conjurations
  1273 | D:2      | Reached XP level 3. HP: 19/19 MP: 5/10
  1411 | D:2      | Found a faded altar to an unknown god.
  1473 | D:2      | Reached XP level 4. HP: 18/24 MP: 6/12
  1479 | D:2      | Learned a level 3 spell: Dazzling Spray
  1482 | D:2      | Learned a level 2 spell: Cure Poison
  1665 | D:2      | Found a sparkling altar of Nemelex Xobeh.
  2040 | D:3      | Reached skill level 5 in Spellcasting
  2084 | D:3      | Noticed Ijyb
  2089 | D:3      | Reached XP level 5. HP: 24/28 MP: 3/14
  2155 | D:3      | Killed Ijyb
  2155 | D:3      | Reached skill level 1 in Shields
  2896 | D:4      | Found a shadowy altar of Dithmenos.
  3024 | D:4      | Found a glowing golden altar of the Shining One.
  3280 | D:4      | Reached XP level 6. HP: 32/32 MP: 10/16
  3281 | D:4      | Found an iron altar of Okawaru.
  3339 | D:4      | Found a staircase to the Ecumenical Temple.
  3354 | Temple   | Entered the Ecumenical Temple
  3403 | Temple   | Became a worshipper of Vehumet
  3423 | D:4      | Found a blossoming altar of Fedhas.
  3807 | D:5      | Entered Level 5 of the Dungeon
  4489 | D:6      | Reached XP level 7. HP: 36/36 MP: 2/19
  4760 | D:6      | Reached piety under Vehumet
  4760 | D:6      | Offered knowledge of Shock by Vehumet.
  5053 | D:6      | Learned a level 4 spell: Fulminant Prism
  5365 | D:6      | Found a white marble altar of Elyvilon.
  5365 | D:6      | Found a basalt altar of Yredelemnul.
  5396 | D:6      | Got a heavy robe
  5407 | D:6      | Identified the +1 robe "Ishrem" {Str+4} (You found it on level 6 of the Dungeon)
  5497 | D:6      | Found a shimmering altar of Xom.
  5675 | D:7      | Reached XP level 8. HP: 30/41 MP: 18/22
  6081 | D:7      | Noticed a spriggan baker
  6156 | D:6      | Killed a spriggan baker
  6345 | D:7      | Reached skill level 10 in Spellcasting
  6787 | D:8      | Reached skill level 10 in Conjurations
  6803 | D:8      | Reached XP level 9. HP: 45/45 MP: 0/25
  7093 | D:8      | Noticed nataq's ghost (novice DsFi)
  7249 | D:8      | Offered knowledge of Sandblast by Vehumet.
  7525 | D:8      | Killed nataq's ghost
  7752 | D:8      | Learned a level 5 spell: Iskenderun's Battlesphere
  7753 | D:9      | Found a staircase to the Lair.
  7755 | D:9      | Noticed an elephant
  7762 | D:9      | Reached skill level 1 in Fighting
  7857 | D:9      | Killed an elephant
  7857 | D:9      | Reached XP level 10. HP: 51/53 MP: 10/28
  7860 | D:9      | Offered knowledge of Conjure Flame by Vehumet.
  7863 | D:9      | Reached skill level 5 in Dodging
  7992 | D:9      | Noticed Joseph
  7997 | D:10     | Entered Level 10 of the Dungeon
  8024 | D:10     | Learned a level 2 spell: Sublimation of Blood
  8028 | D:10     | Learned a level 3 spell: Conjure Flame
  8135 | D:9      | Killed Joseph
  8135 | D:9      | Reached skill level 1 in Fire Magic
  8390 | D:9      | Reached ** piety under Vehumet
  8557 | D:9      | Noticed a centaur warrior
  8568 | D:9      | Killed a centaur warrior
  8938 | D:10     | Noticed Gastronok
  8956 | D:10     | Gained mutation: You are agile. (Dex +2) [potion of mutation]
  8956 | D:10     | Gained mutation: You are robust. (+10% HP) [potion of mutation]
  8956 | D:10     | Lost mutation: You are robust. (+10% HP) [potion of mutation]
  9087 | D:10     | Killed Gastronok
  9533 | D:10     | Reached XP level 11. HP: 62/62 MP: 18/29
  9623 | D:10     | Reached skill level 5 in Fighting
  9683 | D:10     | Reached skill level 5 in Fire Magic
 10146 | Lair:1   | Entered Level 1 of the Lair of Beasts
 10160 | Lair:1   | Learned a level 3 spell: Regeneration
 10176 | Lair:1   | Reached skill level 1 in Necromancy
 10399 | D:11     | Noticed a hill giant
 10586 | D:11     | Killed a hill giant
 10586 | D:11     | Offered knowledge of Static Discharge by Vehumet.
 10811 | D:11     | Got a shimmering dagger
 10812 | D:11     | Identified the +6 dagger of Pandemonium {pierce, rPois} (You found it on level 11 of the Dungeon)
 10990 | D:11     | Reached *** piety under Vehumet
 11154 | D:11     | Noticed Harold
 11160 | D:11     | Gained mutation: You are dopey. (Int -2) [a neqoxec]
 11554 | D:10     | Learned a level 5 spell: Bolt of Draining
 11598 | D:11     | Reached skill level 5 in Necromancy
 11603 | D:11     | Offered knowledge of Airstrike by Vehumet.
 11608 | D:11     | Noticed an ice devil
 12026 | D:13     | Noticed a centaur warrior
 12134 | D:11     | Noticed an ice devil
 12431 | D:12     | Gained mutation: You are partially covered in iridescent scales. (AC +4) [mutagenic meat]
 12649 | D:12     | Noticed a hill giant
 12907 | D:12     | Reached XP level 12. HP: 68/68 MP: 26/31
 12935 | D:12     | Got a flickering lapis lazuli ring
 12939 | D:12     | Identified the ring of Cuemas {Str+4 Slay+4} (You took it off an orc on level 12 of the Dungeon)
 13490 | D:12     | Killed a hill giant
 13528 | D:11     | Offered knowledge of Delayed Fireball by Vehumet.
 13538 | D:11     | Learned a level 7 spell: Delayed Fireball
 14699 | Lair:2   | Noticed Vergil's ghost (journeyman GrFE)
 14710 | Lair:2   | Killed Vergil's ghost
 14760 | Lair:2   | Noticed Urug
 14772 | Lair:2   | Killed Urug
 15160 | Lair:2   | Noticed a fire dragon
 15164 | Lair:2   | Killed a fire dragon
 15974 | Lair:3   | Offered knowledge of Fireball by Vehumet.
 15974 | Lair:3   | Reached skill level 15 in Spellcasting
 15996 | Lair:3   | Learned a level 5 spell: Fireball
 16158 | Lair:3   | Reached XP level 13. HP: 72/72 MP: 13/34
 16713 | Lair:5   | Found a frozen archway.
 16722 | IceCv    | Entered an ice cave
 16722 | IceCv    | Noticed SirDieALot's ghost (journeyman TrFi)
 16744 | IceCv    | Noticed P0WERM0DE's ghost (journeyman HOSk)
 17197 | Lair:4   | Found a staircase to the Snake Pit.
 17687 | Lair:4   | Reached skill level 10 in Fire Magic
 17707 | Lair:4   | Lost mutation: You are dopey. (Int -2) [potion of cure mutation]
 17707 | Lair:4   | Lost mutation: You are agile. (Dex +2) [potion of cure mutation]
 17708 | Lair:4   | Gained mutation: You are covered in fur. (AC +1) [potion of beneficial mutation]
 17837 | Lair:4   | Found a staircase to the Shoals.
 17857 | Shoals:1 | Entered Level 1 of the Shoals
 18946 | Lair:6   | Found a dark tunnel.
 18965 | Volcano  | Entered a volcano
 19430 | Lair:6   | Reached skill level 10 in Necromancy
 19437 | Lair:6   | Offered knowledge of Spellforged Servitor by Vehumet.
 19446 | Lair:6   | Learned a level 7 spell: Spellforged Servitor
 19590 | Lair:6   | Reached skill level 1 in Summonings
 20085 | Lair:7   | Noticed Nessos
 20094 | Lair:7   | Killed Nessos
 20094 | Lair:7   | Reached XP level 14. HP: 44/80 MP: 4/35
 20260 | Lair:7   | Gained mutation: You can translocate small distances at will. [potion of beneficial mutation]
 20320 | Lair:7   | Gained mutation: Your flesh is cold resistant. (rC+) [potion of beneficial mutation]
 20835 | Lair:8   | Entered Level 8 of the Lair of Beasts
 20857 | Lair:8   | Offered knowledge of Bolt of Magma by Vehumet.
 20896 | Lair:8   | Found a staircase to the Slime Pits.
 21108 | Lair:8   | Reached skill level 5 in Summonings
 21397 | Lair:8   | Upgraded the game from 0.17-a0-1997-ga88ed7d to 0.17-a0-2007-g96ac4c4
 21398 | Lair:8   | Upgraded the game from 0.17-a0-2007-g96ac4c4 to 0.19-a0-719-gcc390b8
 22592 | Lair:8   | Found a blossoming altar of Fedhas.
 23044 | D:11     | Killed Harold
 23423 | D:11     | Found a roughly hewn altar of Beogh.
 23423 | D:11     | Found a staircase to the Orcish Mines.
 23502 | D:11     | Offered knowledge of Conjure Ball Lightning by Vehumet.
 23864 | Orc:1    | Entered Level 1 of the Orcish Mines
 23871 | Orc:1    | Noticed an orc warlord
 23872 | Orc:1    | Reached ****** piety under Vehumet
 23969 | D:13     | Reached XP level 15. HP: 84/84 MP: 31/38
 23976 | D:13     | Noticed Josephine
 23979 | D:13     | Killed Josephine
 24476 | D:13     | Found a gate to the Vaults.
 24602 | D:13     | Reached skill level 1 in Evocations
 24610 | D:13     | Noticed Sonja
 24610 | D:13     | Killed Sonja
 24785 | D:13     | Offered knowledge of Orb of Destruction by Vehumet.
 25672 | Lair:4   | Learned a level 7 spell: Orb of Destruction
 25721 | Snake:1  | Entered Level 1 of the Snake Pit
 25975 | Snake:1  | Noticed Aizul
 25980 | Snake:1  | Killed Aizul
 25980 | Snake:1  | Reached skill level 10 in Summonings
 26055 | Snake:1  | Gained mutation: Your muscles are strong. (Str +2) [potion of beneficial mutation]
 26688 | Snake:1  | Noticed Louise
 26696 | Snake:1  | Killed Louise
 27411 | Snake:2  | Offered knowledge of Ozocubu's Refrigeration by Vehumet.
 27619 | Snake:3  | Noticed a greater naga
 27699 | Snake:3  | Killed a greater naga
 27912 | Snake:3  | Found Watik's Magic Scroll Boutique.
 27916 | Snake:3  | Bought a scroll of fog for 40 gold pieces
 27916 | Snake:3  | Bought a scroll of magic mapping for 70 gold pieces
 27916 | Snake:3  | Bought a scroll of blinking for 150 gold pieces
 27916 | Snake:3  | Bought a scroll of fear for 70 gold pieces
 28092 | Snake:3  | Noticed Donald
 28096 | Snake:3  | Killed Donald
 28227 | Snake:3  | Noticed a greater naga
 28537 | Snake:3  | Killed a greater naga
 28537 | Snake:3  | Reached XP level 16. HP: 83/88 MP: 33/39
 28615 | Snake:4  | Entered Level 4 of the Snake Pit
 28914 | Snake:4  | Got a distressingly furry chain mail
 28925 | Snake:4  | Identified the +6 chain mail of the Skies Above {rPois rC+ MR+} (You found it on level 4 of the Snake Pit)
 29087 | Snake:4  | Found a stormy altar of Qazlal.
 29242 | Snake:4  | Reached skill level 15 in Conjurations
 29558 | Snake:4  | Offered knowledge of Fire Storm by Vehumet.
 29558 | Snake:4  | Offered knowledge of Shatter by Vehumet.
 29558 | Snake:4  | Offered knowledge of Tornado by Vehumet.
 30065 | Snake:4  | Reached skill level 5 in Evocations
 30493 | Snake:4  | Got a serpentine rune of Zot
 30950 | Shoals:1 | Learned a level 6 spell: Haste
 31009 | Shoals:1 | Reached skill level 1 in Charms
 31010 | Shoals:1 | Reached XP level 17. HP: 71/93 MP: 27/40
 31528 | Shoals:2 | Noticed Polyphemus
 31534 | Shoals:2 | Killed Polyphemus
 31748 | Shoals:2 | Noticed a kraken
 31756 | Shoals:2 | Killed a kraken
 31894 | Shoals:2 | Reached skill level 5 in Charms
 32175 | Shoals:2 | Found a basalt altar of Yredelemnul.
 32471 | Shoals:3 | Got a sparkling granite ring
 32473 | Shoals:3 | Identified the ring of Upsew {rElec MR++ MP+9 Str-5 Int+2} (You found it on level 3 of the Shoals)
 32477 | Shoals:3 | Noticed a kraken
 32496 | Shoals:3 | Killed a kraken
 32694 | Shoals:4 | Entered Level 4 of the Shoals
 32863 | Shoals:3 | Found Foman's Armour Shop.
 32886 | Shoals:3 | Found Gaesok's Gadget Shoppe.
 32902 | Shoals:3 | Bought the +1 robe of Syndicalism {rElec rC++ Dex+5} for 763 gold pieces
 33071 | Shoals:3 | Found Tadgh's Book Shop.
 33115 | Shoals:3 | Learned a level 6 spell: Deflect Missiles
 33289 | Shoals:4 | Reached skill level 1 in Air Magic
 33394 | Shoals:4 | Got a steaming garnet amulet
 33395 | Shoals:4 | Identified the amulet of Fedhas's Indignation {Harm *Drain +Blink} (You took it off a siren on level 4 of the Shoals)
 33557 | Shoals:4 | Noticed Ilsuiw
 33561 | Shoals:4 | Killed Ilsuiw
 33573 | Shoals:4 | Noticed emikaela's ghost (adept NaWn)
 33582 | Shoals:4 | Killed emikaela's ghost
 33703 | Shoals:4 | Got an iridescent glaive {freeze}
 34191 | Shoals:4 | Got a barnacled rune of Zot
 34559 | Vaults:1 | Entered Level 1 of the Vaults
 34673 | Vaults:1 | Reached XP level 18. HP: 101/101 MP: 32/43
 35041 | Vaults:1 | Reached skill level 10 in Charms
 35146 | Vaults:1 | Reached skill level 5 in Air Magic
 36197 | Vaults:2 | Noticed Margery
 36202 | Vaults:2 | Killed Margery
 36242 | Vaults:2 | Identified the +5 glaive of Elyu {freeze, Dex+2} (You took it off a merfolk on level 4 of the Shoals)
 36531 | Vaults:2 | Noticed Jorgrun
 36546 | Vaults:2 | Killed Jorgrun
 36903 | Vaults:2 | Found Teysea's General Store.
 36911 | Vaults:2 | Bought a scroll of fog for 32 gold pieces
 36911 | Vaults:2 | Bought a scroll of magic mapping for 56 gold pieces
 37005 | Vaults:2 | Reached XP level 19. HP: 80/105 MP: 37/45
 37343 | Vaults:2 | Found a staircase to the Crypt.
 38384 | Vaults:3 | Noticed Frederick
 38399 | Vaults:3 | Killed Frederick
 39113 | Vaults:4 | Reached skill level 15 in Fire Magic
 39419 | Vaults:4 | Found Elopuaru's Magic Scroll Boutique.
 39440 | Vaults:4 | Bought a scroll of fog for 30 gold pieces
 39440 | Vaults:4 | Bought a scroll of recharging for 142 gold pieces
 39440 | Vaults:4 | Bought a scroll of teleportation for 45 gold pieces
 39440 | Vaults:4 | Bought a scroll of magic mapping for 52 gold pieces
 40033 | Vaults:4 | Reached XP level 20. HP: 99/111 MP: 46/48
 40650 | Orc:1    | Upgraded the game from 0.19-a0-719-gcc390b8 to 0.19-a0-733-geeb8733
 41138 | Orc:2    | Noticed blinkfrog's ghost (journeyman HOGl)
 41157 | Orc:2    | Killed blinkfrog's ghost
 41482 | Orc:3    | Found a burning altar of Makhleb.
 41531 | Orc:3    | Found Diluroir's General Store.
 41865 | Orc:3    | Got a bloodstained short sword
 41866 | Orc:3    | Identified the +10 short sword of Nankirao {venom, Fragile MP+9 Str+4} (You found it on level 3 of the Orcish Mines)
 41963 | Orc:3    | Bought a potion of resistance for 120 gold pieces
 41963 | Orc:3    | Bought a potion of curing for 36 gold pieces
 41963 | Orc:3    | Bought a potion of magic for 96 gold pieces
 41963 | Orc:3    | Bought a scroll of teleportation for 36 gold pieces
 42025 | Orc:4    | Entered Level 4 of the Orcish Mines
 42178 | Orc:4    | Noticed Saint Roka
 42187 | Orc:4    | Killed Saint Roka
 42278 | Orc:4    | Found a roughly hewn altar of Beogh.
 42299 | Orc:4    | Found Deonov's General Store.
 42324 | Orc:4    | Found Saic's Antique Armour Boutique.
 42332 | Orc:4    | Found Agasefo's Book Boutique.
 42336 | Orc:4    | Found Ydimm's Antique Weapon Boutique.
 42357 | Orc:4    | Bought a scroll of fog for 38 gold pieces
 42364 | Orc:4    | Bought a scroll of amnesia for 66 gold pieces
 42365 | Orc:4    | Bought a scroll of amnesia for 66 gold pieces
 42448 | Orc:4    | Found a staircase to the Elven Halls.
 43016 | Elf:1    | Entered Level 1 of the Elven Halls
 43400 | Elf:1    | Identified the Handbook of Summoning (You found it on level 1 of the Elven Halls)
 43962 | Elf:2    | Found Ratoc's Magic Scroll Emporium.
 43973 | Elf:2    | Bought a scroll of identify for 26 gold pieces
 43973 | Elf:2    | Bought a scroll of teleportation for 39 gold pieces
 43973 | Elf:2    | Bought a scroll of blinking for 97 gold pieces
 43973 | Elf:2    | Bought a scroll of fog for 26 gold pieces
 43973 | Elf:2    | Bought a scroll of teleportation for 39 gold pieces
 43973 | Elf:2    | Bought a scroll of identify for 26 gold pieces
 43973 | Elf:2    | Bought a scroll of blinking for 97 gold pieces
 44050 | Elf:2    | Found a runed gate.
 44050 | Elf:2    | Found a runed gate.
 44051 | Elf:2    | Found a runed gate.
 44723 | Elf:3    | Entered Level 3 of the Elven Halls
 45019 | Elf:3    | Reached XP level 21. HP: 88/115 MP: 37/51
 45727 | Elf:3    | Identified the +7 broad axe "Pulah" {drain, rElec Str+3} (You took it off a deep elf mage on level 3 of the Elven Halls)
 46077 | Elf:3    | Identified the Handbook of Aerial Creation
 46112 | Elf:3    | Identified the Incunabulum of Blistering Transmigration (You found it on level 3 of the Elven Halls)
 46626 | Slime:1  | Entered Level 1 of the Pits of Slime
 47267 | Slime:3  | Gained mutation: You are clumsy. (Dex -2) [a shining eye]
 47380 | Slime:3  | Learned a level 9 spell: Fire Storm
 47812 | Slime:5  | Noticed Dissolution
 48122 | Slime:5  | Killed Dissolution
 48155 | Slime:6  | Entered Level 6 of the Pits of Slime
 48213 | Slime:6  | Reached XP level 22. HP: 120/120 MP: 8/53
 48275 | Slime:6  | Gained mutation: You are frail. (-10% HP) [a shining eye]
 48281 | Slime:6  | Noticed the Royal Jelly
 48288 | Slime:6  | Killed the Royal Jelly
 48391 | Slime:6  | Learned a level 8 spell: Necromutation
 48416 | Slime:6  | Got a slimy rune of Zot
 48452 | Slime:6  | Got a heavily jewelled robe
 48463 | Slime:6  | Identified the +0 robe of the Pink Corner {rN+ Stlth+} (You found it on level 6 of the Pits of Slime)
 48533 | Slime:6  | Got a polished arbalest
 48534 | Slime:6  | Identified the cursed +1 arbalest of Checks and Balances {elec, Int+3 Dex+2} (You found it on level 6 of the Pits of Slime)
 48538 | Slime:6  | Got a steaming long sword
 48539 | Slime:6  | Identified the +6 long sword of Impermanence {slice, *Confuse +Blink Str+2} (You found it on level 6 of the Pits of Slime)
 48662 | Slime:6  | Got a warped dagger
 48753 | Slime:6  | Identified the +6 plate armour of Watchfulness {rF+ rCorr} (You found it on level 6 of the Pits of Slime)
 49966 | Crypt:1  | Entered Level 1 of the Crypt
 49977 | Crypt:1  | Noticed casual's ghost (adept FeTm)
 49977 | Crypt:1  | Killed casual's ghost
 50248 | Crypt:1  | Noticed Jory
 50258 | Crypt:1  | Killed Jory
 50330 | Crypt:1  | Found an ancient bone altar of Kikubaaqudgha.
 51424 | Crypt:2  | Identified the +7 rapier of the Forest {flame, rElec rN+} (You found it on level 2 of the Crypt)
 51831 | Crypt:3  | Entered Level 3 of the Crypt
 51900 | Crypt:3  | Noticed an ancient lich
 52009 | Crypt:3  | Noticed Xtahua
 52122 | Crypt:3  | Killed Xtahua
 52357 | Crypt:3  | Reached XP level 23. HP: 117/117 MP: 31/54
 52535 | Crypt:3  | Found a staircase to the Tomb.
 52630 | Crypt:3  | Noticed a curse toe
 52644 | Crypt:3  | Killed a curse toe
 52736 | Crypt:3  | Killed an ancient lich
 52861 | Crypt:3  | Found an ancient bone altar of Kikubaaqudgha.
 52868 | Crypt:3  | Identified the +5 trident "Quejo" {venom, MR+} (You took it off a skeletal warrior on level 3 of the Crypt)
 52869 | Crypt:3  | Found a basalt altar of Yredelemnul.
 52880 | Crypt:3  | Identified the Disquisition on Black Rituals
 52963 | Crypt:3  | Learned a level 8 spell: Death's Door
 53282 | Tomb:1   | Entered Level 1 of the Tomb of the Ancients
 53517 | Vaults:3 | Reached skill level 1 in Transmutations
 53581 | Vaults:5 | Entered Level 5 of the Vaults
 53582 | Vaults:5 | Reached skill level 5 in Transmutations
 53604 | Vaults:5 | Reached skill level 10 in Transmutations
 53978 | Vaults:5 | Noticed an ancient lich
 53997 | Vaults:5 | Killed an ancient lich
 54006 | Vaults:5 | Reached XP level 24. HP: 96/121 MP: 39/54
 54009 | Vaults:5 | Noticed an ancient lich
 54011 | Vaults:5 | Killed an ancient lich
 54097 | Vaults:5 | Gained mutation: You are very frail. (-20% HP) [mutagenic glow]
 54197 | Vaults:5 | Identified the +7 plate armour "Kugiomor" {+Inv} (You took it off an orc on level 5 of the Vaults)
 54225 | Vaults:5 | Got a pair of smoking boots
 54236 | Vaults:5 | Identified the +1 pair of boots of the Pirate {rN+} (You found it on level 5 of the Vaults)
 54239 | Vaults:5 | Got a scorched mottled dragon armour
 54250 | Vaults:5 | Identified the +6 mottled dragon armour of the Country {-Cast *Corrode MP+9 Str+9} (You found it on level 5 of the Vaults)
 54482 | Vaults:5 | Noticed an ancient lich
 54488 | Vaults:5 | Killed an ancient lich
 54635 | Vaults:5 | Got a silver rune of Zot
 55378 | Vaults:3 | Got a faintly glowing diamond amulet
 55379 | Vaults:3 | Identified the amulet "Peusasy" {Inacc +Inv Str+2} (You found it on level 3 of the Vaults)
 55606 | D:14     | Gained mutation: Your body sometimes deteriorates upon taking damage. [mutagenic meat]
 55607 | D:14     | Gained mutation: You passively map a small area around you. [mutagenic meat]
 55697 | D:14     | Noticed MrRokkomies's ghost (journeyman SpEn)
 55699 | D:14     | Killed MrRokkomies's ghost
 55700 | D:14     | Lost mutation: You are clumsy. (Dex -2) [potion of cure mutation]
 55700 | D:14     | Lost mutation: Your body sometimes deteriorates upon taking damage. [potion of cure mutation]
 55700 | D:14     | Lost mutation: You are very frail. (-20% HP) [potion of cure mutation]
 55700 | D:14     | Lost mutation: You are frail. (-10% HP) [potion of cure mutation]
 55700 | D:14     | Lost mutation: Your flesh is cold resistant. (rC+) [potion of cure mutation]
 55750 | D:14     | Reached skill level 15 in Transmutations
 56354 | D:15     | Entered Level 15 of the Dungeon
 56354 | D:15     | Found a huge runed gate.
 56354 | D:15     | Found a huge runed gate.
 56354 | D:15     | Found a huge runed gate.
 56354 | D:15     | Found a huge runed gate.
 56354 | D:15     | Found a huge runed gate.
 56354 | D:15     | Found a huge runed gate.
 56354 | D:15     | Found a huge runed gate.
 56374 | D:15     | Found a huge runed gate.
 56374 | D:15     | Found a huge runed gate.
 56374 | D:15     | Found a huge runed gate.
 56382 | D:15     | Found a huge runed gate.
 56383 | D:15     | Found a huge runed gate.
 56421 | D:15     | Found a huge runed gate.
 56422 | D:15     | Found a huge runed gate.
 56424 | D:15     | Found a huge runed gate.
 56484 | D:15     | Found a huge runed gate.
 56487 | D:15     | Found a huge runed gate.
 56488 | D:15     | Found a huge runed gate.
 56489 | D:15     | Found a huge runed gate.
 56490 | D:15     | Found a huge runed gate.
 56490 | D:15     | Found a huge runed gate.
 56491 | D:15     | Found a huge runed gate.
 56545 | D:15     | Found Wileus's Antique Armour Boutique.
 56653 | D:15     | Lost mutation: Your muscles are strong. (Str +2) [mutagenic meat]
 56673 | D:15     | Gained mutation: Your muscles are strong. (Str +2) [mutagenic meat]
 56677 | D:15     | Gained mutation: You are partially covered in rugged brown scales. (AC +1, +3% HP) [mutagenic meat]
 56681 | D:15     | Found a staircase to the Depths.
 56865 | D:15     | Found Viliseat's Antique Armour Shoppe.
 56978 | D:15     | Reached skill level 15 in Necromancy
 57007 | D:15     | Gained mutation: You are somewhat resistant to further mutation. [mutagenic meat]
 57155 | Depths:1 | Entered Level 1 of the Depths
 57177 | Depths:1 | Found Noerphusch's Antique Armour Boutique.
 57205 | Depths:1 | Found a shattered altar of Ashenzari.
 57667 | Depths:1 | Found a gateway to Hell.
 58171 | Depths:2 | Reached XP level 25. HP: 142/142 MP: 14/54
 58283 | Depths:2 | Reached skill level 10 in Fighting
 58420 | Depths:2 | Found a one-way gate to the infinite horrors of the Abyss.
 58456 | Depths:2 | Learned a level 8 spell: Borgnjor's Revivification
 58813 | Depths:2 | Got a polished ring mail
 58824 | Depths:2 | Identified the cursed +0 ring mail of Nabar {*Contam Int+3 Dex+3} (You found it on level 2 of the Depths)
 59043 | Hell     | Entered the Vestibule of Hell
 59047 | Hell     | Noticed Geryon
 59050 | Depths:2 | Reached skill level 10 in Evocations
 59215 | Depths:3 | Got a clouded sapphire amulet
 59218 | Depths:3 | Identified the amulet "Puemef" {Inacc *Drain rPois Int+4} (You found it on level 3 of the Depths)
 59412 | Depths:3 | Found a one-way gate leading to the halls of Pandemonium.
 59606 | Depths:3 | Upgraded the game from 0.19-a0-733-geeb8733 to 0.19-a0-739-gf2af308
 59611 | Depths:3 | Got a slimy leather armour
 59622 | Depths:3 | Identified the +2 leather armour of Gestures {+Fly rCorr MP+9 Dex+4} (You found it on level 3 of the Depths)
 59767 | Depths:3 | Gained mutation: Your spells are a little harder to cast, but a little more powerful. [mutagenic meat]
 59903 | Depths:4 | Found a gateway to a ziggurat.
 60047 | Depths:4 | Found a corrupted altar of Lugonu.
 60775 | Depths:4 | Noticed a juggernaut
 60782 | Depths:4 | Killed a juggernaut
 60812 | Depths:4 | Got a polished mace
 60813 | Depths:4 | Identified the +8 mace of the Undead {speed, rC+} (You found it on level 4 of the Depths)
 60833 | Depths:4 | Got a transparent dagger
 60834 | Depths:4 | Identified the cursed +2 dagger "Palezic" {pierce, +Rage +Inv rC- MR-} (You found it on level 4 of the Depths)
 61068 | Depths:4 | Got a translucent falchion
 61069 | Depths:4 | Identified the cursed +2 falchion "Vogoc" {drain, *Confuse +Inv rF+ Int+3} (You found it on level 4 of the Depths)
 61082 | Depths:4 | Got a warped arbalest
 61083 | Depths:4 | Identified the +8 arbalest of Defenestration {penet, rElec rF- Str+6} (You found it on level 4 of the Depths)
 61129 | Depths:4 | Reached XP level 26. HP: 158/158 MP: 54/54
 61157 | Depths:5 | Entered Level 5 of the Depths
 61639 | Depths:5 | Found Kappuceup's Book Shoppe.
 61651 | Depths:5 | Bought the Compendium of Fiery Displacement for 1120 gold pieces
 61664 | Depths:5 | Learned a level 2 spell: Blink
 61872 | Depths:5 | Found a gate to the Realm of Zot.
 62000 | Depths:5 | Found Gywoer's Magic Scroll Boutique.
 62047 | Depths:5 | Bought a scroll of amnesia for 80 gold pieces
 62339 | Hell     | Killed Geryon
 62644 | Hell     | Found a gateway to the freezing wastes of Cocytus.
 62663 | Coc:1    | Entered Level 1 of Cocytus
 63010 | Coc:2    | Reached XP level 27. HP: 135/163 MP: 45/55
 63800 | Coc:5    | Lost mutation: Your muscles are strong. (Str +2) [mutagenic glow]
 63833 | Coc:5    | Gained mutation: Armour fits poorly on your strangely shaped body. [mutagenic glow]
 63975 | Coc:7    | Entered Level 7 of Cocytus
 64288 | Coc:7    | Identified the +3 scale mail of Recklessness {Str+5} (You found it on level 7 of Cocytus)
 64560 | Coc:7    | Noticed Antaeus
 64596 | Coc:7    | Killed Antaeus
 64616 | Coc:7    | Got an icy rune of Zot
 64791 | Hell     | Found a gateway to the decaying netherworld of Tartarus.
 64805 | Tar:1    | Entered Level 1 of Tartarus
 65279 | Tar:7    | Entered Level 7 of Tartarus
 65313 | Tar:7    | Reached skill level 5 in Stealth
 65590 | Tar:7    | Reached skill level 15 in Fighting
 65633 | Tar:7    | Reached skill level 10 in Stealth
 65648 | Tar:7    | Noticed Ereshkigal
 65652 | Tar:7    | Killed Ereshkigal
 65691 | Tar:7    | Gained mutation: Your body sometimes deteriorates upon taking damage. [mutagenic glow]
 65707 | Tar:7    | Learned a level 8 spell: Lehudib's Crystal Spear
 65712 | Tar:7    | Got a bone rune of Zot
 65715 | Tar:7    | Got a serpentine copper amulet
 65716 | Tar:7    | Identified the amulet "Faiwoic" {Dismiss rF+ Str+2} (You found it on level 7 of Tartarus)
 65716 | Tar:7    | Gained mutation: Your magical capacity is low. (-10% MP) [mutagenic glow]
 65721 | Tar:7    | Identified the +5 morningstar of Egomania {crush, *Confuse +Inv rPois Int+5} (You found it on level 7 of Tartarus)
 65723 | Tar:7    | Got a sparkling pewter ring
 65725 | Tar:7    | Identified the ring "Yna Babu" {EV+1 Slay+5} (You found it on level 7 of Tartarus)
 65795 | Tar:7    | Reached skill level 1 in Earth Magic
 66129 | Hell     | Gained mutation: Your spells are harder to cast, but more powerful. [potion of mutation]
 66130 | Hell     | Lost mutation: Your magical capacity is low. (-10% MP) [potion of mutation]
 66145 | Hell     | Lost mutation: Armour fits poorly on your strangely shaped body. [potion of mutation]
 66145 | Hell     | Gained mutation: You are partially covered in icy blue scales. (AC +1) [potion of mutation]
 66150 | Hell     | Found a gateway to the Iron City of Dis.
 66180 | Dis:1    | Entered Level 1 of the Iron City of Dis
 66292 | Dis:5    | Reached skill level 5 in Earth Magic
 66480 | Dis:7    | Entered Level 7 of the Iron City of Dis
 66765 | Dis:7    | Reached skill level 15 in Evocations
 66887 | Dis:7    | Gained mutation: Your magical capacity is low. (-10% MP) [mutagenic glow]
 67149 | Dis:7    | Noticed the Serpent of Hell
 67252 | Dis:7    | Killed the Serpent of Hell
 67370 | Dis:7    | Gained mutation: You tend to lose your temper in combat. [mutagenic glow]
 67474 | Dis:7    | Lost mutation: Your magical capacity is low. (-10% MP) [mutagenic glow]
 67600 | Dis:7    | Noticed Dispater
 67679 | Dis:7    | Lost mutation: You are partially covered in rugged brown scales. (AC +1, +3% HP) [mutagenic glow]
 67714 | Dis:7    | Gained mutation: You are robust. (+10% HP) [mutagenic glow]
 67763 | Dis:7    | Gained mutation: Your magical capacity is low. (-10% MP) [mutagenic glow]
 67801 | Dis:7    | Gained mutation: Your body often deteriorates upon taking damage. [mutagenic glow]
 68041 | Dis:7    | Identified the Tome of Transmigration
 68044 | Dis:7    | Identified Kiogecej's Guide on Displaced Fire
 68217 | Dis:7    | Killed Dispater
 68351 | Dis:7    | Got an iron rune of Zot
 68499 | Dis:7    | Identified the Compendium of Earth
 68706 | Hell     | Found a gateway to the ashen valley of Gehenna.
 68727 | Geh:1    | Entered Level 1 of Gehenna
 69465 | Geh:7    | Entered Level 7 of Gehenna
 69989 | Geh:7    | Noticed Asmodeus
 70138 | Geh:7    | Killed Asmodeus
 70214 | Geh:7    | Got an obsidian rune of Zot
 70990 | Zig:1    | Entered Level 1 of a ziggurat
 71003 | Zig:2    | Entered Level 2 of a ziggurat
 71034 | Zig:3    | Entered Level 3 of a ziggurat
 71057 | Zig:4    | Entered Level 4 of a ziggurat
 71076 | Zig:4    | Got a shimmering battleaxe
 71077 | Zig:4    | Identified the cursed +1 battleaxe "Uxixit" {chop, Dex+5} (You found it on level 4 of a ziggurat)
 71088 | Zig:5    | Entered Level 5 of a ziggurat
 71147 | Zig:6    | Entered Level 6 of a ziggurat
 71175 | Zig:6    | Got a smoking brass ring
 71177 | Zig:6    | Identified the ring "Wefef" {MR+ MP+9 Stlth+} (You found it on level 6 of a ziggurat)
 71181 | Zig:6    | Identified the +1 mace "Rovop" {crush, *Corrode +Blink Str+8 Int-4} (You found it on level 6 of a ziggurat)
 71186 | Zig:6    | Got an ivory morningstar
 71187 | Zig:6    | Identified the +5 morningstar of Xomew {crush, rPois MR+ Str+4 Int-4} (You found it on level 6 of a ziggurat)
 71193 | Zig:7    | Entered Level 7 of a ziggurat
 71270 | Zig:8    | Entered Level 8 of a ziggurat
 71316 | Zig:9    | Entered Level 9 of a ziggurat
 71383 | Zig:10   | Entered Level 10 of a ziggurat
 71435 | Zig:10   | Got a pair of faintly humming gloves
 71446 | Zig:10   | Identified the +1 pair of gloves of Muqid {+Fly rC- SInv} (You found it on level 10 of a ziggurat)
 71490 | Zig:11   | Entered Level 11 of a ziggurat
 71525 | Zig:11   | Noticed a greater mummy
 71536 | Zig:11   | Killed a greater mummy
 71757 | Zig:12   | Entered Level 12 of a ziggurat
 71794 | Zig:12   | Identified Xiufocit's Compendium of Quantum Conjuration
 71836 | Zig:12   | Got an ancient fire dragon armour
 71847 | Zig:12   | Identified the +5 fire dragon armour of Omission {rF++ rC- Str-2 Int+6} (You found it on level 12 of a ziggurat)
 71888 | Zig:13   | Entered Level 13 of a ziggurat
 71963 | Zig:13   | Identified the Guide on Hexes and Creation
 71970 | Zig:13   | Got a glittering golden ring
 71994 | Zig:13   | Learned a level 9 spell: Tornado
 71998 | Zig:13   | Identified the ring of Uhan {Fire rElec Str-5 Slay+5} (You found it on level 13 of a ziggurat)
 72003 | Zig:13   | Got an encrusted leather armour
 72014 | Zig:13   | Identified the cursed +0 leather armour "Cuidoobb" {rF+ rCorr Str-2 Dex+2} (You found it on level 13 of a ziggurat)
 72033 | Zig:14   | Entered Level 14 of a ziggurat
 72043 | Zig:14   | Noticed a juggernaut
 72043 | Zig:14   | Noticed a juggernaut
 72054 | Zig:14   | Killed a juggernaut
 72055 | Zig:14   | Killed a juggernaut
 72069 | Zig:14   | Reached skill level 27 in Conjurations
 72078 | Zig:14   | Killed a juggernaut
 72166 | Zig:14   | Identified the Grimoire of Nocuous Attacks
 72194 | Zig:15   | Entered Level 15 of a ziggurat
 72248 | Zig:15   | Identified the Papyrus of Heat and Arcane Weapons (You found it on level 15 of a ziggurat)
 72271 | Zig:16   | Entered Level 16 of a ziggurat
 72291 | Zig:16   | Reached skill level 10 in Air Magic
 72363 | Zig:16   | Got a creamy pearl robe
 72374 | Zig:16   | Identified the cursed +0 robe "Ronyre" {rF+ rC- Int+2} (You found it on level 16 of a ziggurat)
 72391 | Zig:17   | Entered Level 17 of a ziggurat
 72412 | Zig:17   | Reached skill level 27 in Spellcasting
 72474 | Zig:17   | Identified the Grimoire of Transmigration and Summoning
 72505 | Zig:18   | Entered Level 18 of a ziggurat
 72608 | Zig:18   | Identified Usmigyol's Almanac of Cankerous Sinister Secrets (You found it on level 18 of a ziggurat)
 72644 | Zig:19   | Entered Level 19 of a ziggurat
 72720 | Zig:19   | Identified the Incunabulum of the Lucky Voyage (You found it on level 19 of a ziggurat)
 72730 | Zig:19   | Identified the cursed +1 chain mail of the Sturgeon {*Confuse rPois rF+++ Dex+5} (You found it on level 19 of a ziggurat)
 72744 | Zig:20   | Entered Level 20 of a ziggurat
 72771 | Zig:20   | Reached skill level 5 in Armour
 72783 | Zig:20   | Killed Yhoikit the pandemonium lord
 72885 | Zig:20   | Identified the +1 shield "Agorih" {-Cast Str+6 Int+2 SInv} (You found it on level 20 of a ziggurat)
 72896 | Zig:20   | Identified a +2 rod of ignition (13/13) (You found it on level 20 of a ziggurat)
 72899 | Zig:20   | Identified the Collected Works on Fetching Earth
 72948 | Zig:20   | Identified the cursed +0 chain mail of the Forest {+Inv rC+ Int+2 Stlth-} (You found it on level 20 of a ziggurat)
 72961 | Zig:21   | Entered Level 21 of a ziggurat
 73037 | Zig:21   | Got a glittering bronze amulet
 73054 | Zig:21   | Identified the ring "Jeusep" {rElec rPois rC+ Dex+3 Slay-4} (You found it on level 21 of a ziggurat)
 73055 | Zig:21   | Identified the amulet "Elerubui" {Faith MR++ Str-5 Dex+6 Slay+4} (You found it on level 21 of a ziggurat)
 73060 | Zig:21   | Identified the cursed +0 robe "Ukhekk" {-Cast rPois Str+6} (You found it on level 21 of a ziggurat)
 73066 | Zig:21   | Identified the +6 trident "Xisch" {pierce, Dex+4} (You found it on level 21 of a ziggurat)
 73069 | Zig:21   | Identified the +8 war axe of the Valley of Death {freeze, Str+6} (You found it on level 21 of a ziggurat)
 73079 | Zig:21   | Identified the Volume of Captivating Air
 73094 | Zig:22   | Entered Level 22 of a ziggurat
 73124 | Zig:22   | Reached skill level 15 in Air Magic
 73189 | Zig:22   | Got a twitching silver ring
 73210 | Zig:22   | Identified the ring "Ebaw" {*Tele +Inv Slay+3} (You found it on level 22 of a ziggurat)
 73224 | Zig:22   | Identified a +4 rod of clouds (13/13) (You found it on level 22 of a ziggurat)
 73258 | Zig:22   | Identified the +1 quarterstaff "Limo Tae" {freeze, *Noise rPois Int+10} (You found it on level 22 of a ziggurat)
 73381 | Zig:23   | Entered Level 23 of a ziggurat
 73433 | Zig:23   | Got a slimy iron ring
 73447 | Zig:23   | Identified the Compendium of Poisoning and Shape Shifting (You found it on level 23 of a ziggurat)
 73463 | Zig:23   | Identified Ojeaxzeown's Disquisition on Fiery Poison (You found it on level 23 of a ziggurat)
 73498 | Zig:23   | Identified the +0 robe of Gozag's Pride {rElec} (You found it on level 23 of a ziggurat)
 73506 | Zig:23   | Identified the +6 long sword of the Four Spirits {venom, Dex+6} (You found it on level 23 of a ziggurat)
 73508 | Zig:23   | Identified the ring of Gext {rPois Str+3 Slay+2} (You found it on level 23 of a ziggurat)
 73521 | Zig:24   | Entered Level 24 of a ziggurat
 73604 | Zig:24   | Reached skill level 27 in Fire Magic
 73609 | Zig:24   | Got a translucent granite ring
 73611 | Zig:24   | Identified the ring of Zymex {rF- AC+4 Int+8} (You found it on level 24 of a ziggurat)
 73616 | Zig:24   | Identified the cursed +1 ring mail of Undesirable Species {rC+ Int-4 Dex+2} (You found it on level 24 of a ziggurat)
 73619 | Zig:24   | Got a faintly glowing ruby amulet
 73620 | Zig:24   | Identified the amulet "Gimifot" {Harm *Drain Slay+5} (You found it on level 24 of a ziggurat)
 73622 | Zig:24   | Got a flickering ivory ring
 73624 | Zig:24   | Identified the ring of Imumm {rC+ MR+ Dex+8} (You found it on level 24 of a ziggurat)
 73708 | Zig:25   | Entered Level 25 of a ziggurat
 73730 | Zig:25   | Noticed a juggernaut
 73732 | Zig:25   | Killed a juggernaut
 73735 | Zig:25   | Killed a juggernaut
 73736 | Zig:25   | Killed a juggernaut
 73736 | Zig:25   | Killed a juggernaut
 73738 | Zig:25   | Noticed a juggernaut
 73741 | Zig:25   | Noticed a juggernaut
 73741 | Zig:25   | Killed a juggernaut
 73741 | Zig:25   | Killed a juggernaut
 73748 | Zig:25   | Noticed a juggernaut
 73748 | Zig:25   | Noticed a juggernaut
 73749 | Zig:25   | Killed a juggernaut
 73750 | Zig:25   | Killed a juggernaut
 73864 | Zig:25   | Identified the ring of Day {*Tele rC+ Int+4 Dex-4} (You found it on level 25 of a ziggurat)
 73891 | Zig:26   | Entered Level 26 of a ziggurat
 73925 | Zig:26   | Noticed a greater mummy
 73925 | Zig:26   | Killed a greater mummy
 73929 | Zig:26   | Killed a greater mummy
 73929 | Zig:26   | Lost strength.
 73938 | Zig:26   | Noticed a greater mummy
 73938 | Zig:26   | Noticed a greater mummy
 73941 | Zig:26   | Gained mutation: Potions and wands are less effective at restoring your health. [mutagenic glow]
 73943 | Zig:26   | Noticed a greater mummy
 73965 | Zig:26   | Noticed a greater mummy
 73965 | Zig:26   | Noticed a greater mummy
 73965 | Zig:26   | Noticed a greater mummy
 73966 | Zig:26   | Noticed a greater mummy
 73968 | Zig:26   | Noticed a greater mummy
 73968 | Zig:26   | Noticed a greater mummy
 73968 | Zig:26   | Noticed a greater mummy
 73968 | Zig:26   | Noticed a greater mummy
 73979 | Zig:26   | Noticed a greater mummy
 73979 | Zig:26   | Noticed a greater mummy
 73979 | Zig:26   | Noticed a greater mummy
 73979 | Zig:26   | Noticed a greater mummy
 73981 | Zig:27   | Entered Level 27 of a ziggurat
 74021 | Zig:27   | Gained mutation: You are weak. (Str -2) [mutagenic glow]
 74088 | Zig:27   | Reached skill level 27 in Necromancy
 74128 | Zig:27   | Noticed an ancient lich
 74131 | Zig:27   | Killed an ancient lich
 74297 | Zig:27   | Identified the Almanac of Twisted Poisoning (You found it on level 27 of a ziggurat)
 74299 | Zig:27   | Identified the Papyrus of Floating Orientation
 74374 | Zig:27   | Identified the +8 chain mail of Untruth {MR+ Str+5} (You found it on level 27 of a ziggurat)
 74376 | Zig:27   | Identified the cursed +0 buckler of Tinwehav {rC+ Dex+2 SInv} (You found it on level 27 of a ziggurat)
 74564 | Depths:4 | Voluntarily entered the Abyss.
 74616 | Abyss:1  | Found a corrupted altar of Lugonu.
 74761 | Abyss:1  | Found a shadowy altar of Dithmenos.
 75054 | Abyss:1  | Got a vibrating ivory ring
 75101 | Abyss:1  | Identified a scroll of acquirement
 75187 | Abyss:2  | Found a corrupted altar of Lugonu.
 75358 | Abyss:2  | Identified the ring "Qielup" {Fire +Inv rElec Stlth+} (You found it on level 1 of the Abyss)
 75689 | Abyss:2  | Upgraded the game from 0.19-a0-739-gf2af308 to 0.19-a0-747-g9c36c40
 75749 | Abyss:3  | Got a pair of ichor-stained gloves
 75760 | Abyss:3  | Identified the cursed +0 pair of gloves of Indecent Exposure {rN+ Stlth+} (You found it on level 3 of the Abyss)
 75858 | Abyss:5  | Entered Level 5 of the Abyss
 75978 | Abyss:5  | Found a stormy altar of Qazlal.
 76059 | Abyss:5  | Noticed an ancient lich
 76062 | Abyss:5  | Killed an ancient lich
 76297 | Abyss:5  | Paralysed by accursed screaming for 1 turns
 76429 | Abyss:5  | Lost mutation: You are robust. (+10% HP) [mutagenic glow]
 76676 | Abyss:5  | Lost mutation: You are weak. (Str -2) [potion of cure mutation]
 76676 | Abyss:5  | Lost mutation: You can translocate small distances at will. [potion of cure mutation]
 76676 | Abyss:5  | Lost mutation: You are partially covered in iridescent scales. (AC +4) [potion of cure mutation]
 76676 | Abyss:5  | Lost mutation: You are somewhat resistant to further mutation. [potion of cure mutation]
 76676 | Abyss:5  | Lost mutation: You passively map a small area around you. [potion of cure mutation]
 76677 | Abyss:5  | Lost mutation: You are covered in fur. (AC +1) [potion of cure mutation]
 76677 | Abyss:5  | Lost mutation: Your body often deteriorates upon taking damage. [potion of cure mutation]
 76677 | Abyss:5  | Lost mutation: Your magical capacity is low. (-10% MP) [potion of cure mutation]
 76677 | Abyss:5  | Lost mutation: Your body sometimes deteriorates upon taking damage. [potion of cure mutation]
 76678 | Abyss:5  | Lost mutation: Your spells are harder to cast, but more powerful. [potion of cure mutation]
 76678 | Abyss:5  | Lost mutation: Your spells are a little harder to cast, but a little more powerful. [potion of cure mutation]
 76678 | Abyss:5  | Lost mutation: You tend to lose your temper in combat. [potion of cure mutation]
 76678 | Abyss:5  | Lost mutation: You are partially covered in icy blue scales. (AC +1) [potion of cure mutation]
 76979 | Abyss:5  | Reached skill level 10 in Earth Magic
 77500 | Abyss:5  | Gained mutation: You are partially covered in slimy green scales. (AC +2) [mutagenic glow]
 77639 | Abyss:5  | Found an iron altar of Okawaru.
 77676 | Abyss:5  | Reached skill level 15 in Earth Magic
 77769 | Abyss:5  | Gained mutation: You are somewhat resistant to further mutation. [mutagenic glow]
 77778 | Abyss:5  | Identified the +3 leather armour of Rationality {rPois rN+ Int-2} (You found it on level 5 of the Abyss)
 78199 | Abyss:5  | Gained mutation: You are frail. (-10% HP) [mutagenic glow]
 78358 | Abyss:5  | Reached skill level 15 in Stealth
 78463 | Abyss:5  | Found a corrupted altar of Lugonu.
 78522 | Abyss:5  | Got an abyssal rune of Zot
 78561 | Depths:4 | Escaped the Abyss
 78827 | Depths:4 | Lost mutation: You are frail. (-10% HP) [potion of cure mutation]
 79028 | Pan      | Entered Pandemonium
 79195 | Pan      | Reached skill level 10 in Dodging
 79230 | Pan      | Got a warped diamond amulet
 79238 | Pan      | Identified the +7 falchion of Derchock {slice, Fragile rC+++ MR+ Str-2} (You took it off a putrid demonspawn in Pandemonium)
 79240 | Pan      | Identified the amulet of Egyexul {Gourm rPois Str+2} (You took it off a warmonger in Pandemonium)
 79255 | Pan      | Identified the cursed +0 hand axe of Corporal Punishment {flame, rC+} (You found it in Pandemonium)
 79367 | Pan      | Found an exit through the horrors of the Abyss.
 79434 | Pan      | Found an exit through the horrors of the Abyss.
 79595 | Pan      | Noticed Memm the pandemonium lord
 79598 | Pan      | Killed Memm the pandemonium lord
 79788 | Pan      | Noticed Seiqy the pandemonium lord
 79791 | Pan      | Killed Seiqy the pandemonium lord
 79981 | Pan      | Reached skill level 15 in Dodging
 80029 | Pan      | Noticed Joant the pandemonium lord
 80108 | Pan      | Killed Joant the pandemonium lord
 80187 | Pan      | Noticed Uwaciere the pandemonium lord
 80197 | Pan      | Killed Uwaciere the pandemonium lord
 80268 | Pan      | Found an exit through the horrors of the Abyss.
 80349 | Pan      | Found an exit through the horrors of the Abyss.
 80455 | Pan      | Found an exit through the horrors of the Abyss.
 80613 | Pan      | Noticed Amus the pandemonium lord
 80625 | Pan      | Killed Amus the pandemonium lord
 80849 | Pan      | Found an exit through the horrors of the Abyss.
 80882 | Pan      | Noticed Rith the pandemonium lord
 80898 | Pan      | Killed Rith the pandemonium lord
 81123 | Pan      | Found an exit through the horrors of the Abyss.
 81277 | Pan      | Noticed Aceddukh the pandemonium lord
 81745 | Pan      | Found an exit through the horrors of the Abyss.
 81938 | Pan      | Noticed Ynwiappa the pandemonium lord
 81973 | Pan      | Killed Ynwiappa the pandemonium lord
 82064 | Pan      | Identified the +4 spear of Disarray {vamp, SInv} (You found it in Pandemonium)
 82079 | Pan      | Entered the realm of Gloorx Vloq.
 82174 | Pan      | Noticed Gloorx Vloq
 82324 | Pan      | Killed Gloorx Vloq
 82338 | Pan      | Got a dark rune of Zot
 82482 | Pan      | Entered the realm of Mnoleg.
 82612 | Pan      | Found an exit through the horrors of the Abyss.
 82745 | Pan      | Noticed Mnoleg
 82770 | Pan      | Killed Mnoleg
 82868 | Pan      | Got a glowing rune of Zot
 83058 | Pan      | Identified the +4 chain mail of Depression {rElec Regen+ Dex+2} (You found it in Pandemonium)
 83137 | Pan      | Noticed a seraph
 83138 | Pan      | Killed a seraph
 83153 | Pan      | Found a glowing golden altar of the Shining One.
 83198 | Pan      | Got a demonic rune of Zot
 83200 | Pan      | Identified the +8 dagger "Xirenao" {pierce, rElec rF+} (You found it in Pandemonium)
 83212 | Pan      | Identified the cursed +2 trident "Nigoon" {pierce, Str+6 Int-2 Dex+2} (You found it in Pandemonium)
 83223 | Pan      | Identified the +10 greatsling of Growth {flame, *Corrode rC+++ MR+} (You found it in Pandemonium)
 83661 | Pan      | Identified the +3 scale mail "Apinuig" {+Blink Str+2 SInv} (You found it in Pandemonium)
 83664 | Pan      | Noticed Yducaeph the pandemonium lord
 83669 | Pan      | Killed Yducaeph the pandemonium lord
 83767 | Pan      | Found an exit through the horrors of the Abyss.
 84006 | Pan      | Reached skill level 27 in Dodging
 84079 | Pan      | Found a huge runed gate.
 84137 | Pan      | Noticed Tyosuk the pandemonium lord
 84141 | Pan      | Killed Tyosuk the pandemonium lord
 84233 | Pan      | Noticed Tajof the pandemonium lord
 84249 | Pan      | Killed Tajof the pandemonium lord
 84338 | Pan      | Found an exit through the horrors of the Abyss.
 84477 | Pan      | Identified the amulet of Pasuhaath {Faith Dex+3} (You found it in Pandemonium)
 84536 | Pan      | Noticed Yxuebu the pandemonium lord
 84539 | Pan      | Killed Yxuebu the pandemonium lord
 84914 | Pan      | Entered the realm of Lom Lobon.
 84914 | Pan      | Found an exit through the horrors of the Abyss.
 84921 | Pan      | Identified the +1 robe of the Blizzard {*Contam rElec rF++ rN+} (You found it in Pandemonium)
 84924 | Pan      | Identified a +0 rod of inaccuracy (10/10) (You took it off a seraph in Pandemonium)
 85214 | Pan      | Noticed Lom Lobon
 85222 | Pan      | Killed Lom Lobon
 85274 | Pan      | Got a magical rune of Zot
 85446 | Pan      | Entered the realm of Cerebov.
 85488 | Pan      | Got a tiger eye-encrusted crystal plate armour
 85489 | Pan      | Identified the +11 crystal plate armour of the Bard {MR+ rCorr Dex-4} (You acquired it in Pandemonium)
 85647 | Pan      | Found an exit through the horrors of the Abyss.
 85802 | Pan      | Noticed Cerebov
 85896 | Pan      | Identified the ring of Atheism {MR+ Str+3 SInv} (You took it off a balrug in Pandemonium)
 85928 | Pan      | Killed Cerebov
 85981 | Pan      | Got a twisted chain mail
 86000 | Pan      | Got a fiery rune of Zot
 86043 | Pan      | Got a warped quarterstaff
 86151 | Pan      | Took an exit into the Abyss.
 86151 | Abyss:1  | Escaped into the Abyss
 86188 | Depths:3 | Escaped the Abyss
 86756 | Tomb:1   | Lost strength.
 86775 | Tomb:1   | Noticed a greater mummy
 86778 | Tomb:1   | Killed a greater mummy
 86778 | Tomb:1   | Reached skill level 10 in Armour
 86782 | Tomb:1   | Noticed a greater mummy
 86783 | Tomb:1   | Noticed a greater mummy
 86785 | Tomb:1   | Killed a greater mummy
 86786 | Tomb:1   | Killed a greater mummy
 86890 | Tomb:1   | Noticed Khufu
 86896 | Tomb:1   | Killed Khufu
 86994 | Tomb:1   | Noticed a greater mummy
 86999 | Tomb:1   | Killed a greater mummy
 87072 | Tomb:1   | Noticed a greater mummy
 87074 | Tomb:1   | Killed a greater mummy
 87103 | Tomb:1   | Got a clouded jade ring
 87105 | Tomb:1   | Identified the ring of Winter {rCorr rElec rC+ Dex+7} (You found it on level 1 of the Tomb of the Ancients)
 87217 | Tomb:2   | Noticed a greater mummy
 87217 | Tomb:2   | Noticed a greater mummy
 87219 | Tomb:2   | Noticed a greater mummy
 87221 | Tomb:2   | Killed a greater mummy
 87223 | Tomb:2   | Noticed an ancient lich
 87398 | Tomb:2   | Killed a greater mummy
 87398 | Tomb:2   | Killed a greater mummy
 87400 | Tomb:2   | Killed an ancient lich
 87574 | Tomb:2   | Got a heavily runed sapphire amulet
 87814 | Tomb:1   | Noticed a greater mummy
 87815 | Tomb:1   | Noticed a greater mummy
 87816 | Tomb:1   | Noticed a greater mummy
 87818 | Tomb:1   | Killed a greater mummy
 87819 | Tomb:1   | Killed a greater mummy
 87820 | Tomb:1   | Killed a greater mummy
 87820 | Tomb:1   | Lost strength.
 87820 | Tomb:1   | Reached skill level 15 in Armour
 87834 | Tomb:1   | Noticed a greater mummy
 87834 | Tomb:1   | Killed a greater mummy
 87841 | Tomb:1   | Noticed a greater mummy
 87843 | Tomb:1   | Killed a greater mummy
 87869 | Tomb:1   | Noticed a greater mummy
 87875 | Tomb:1   | Killed a greater mummy
 87884 | Tomb:1   | Noticed a greater mummy
 87891 | Tomb:1   | Killed a greater mummy
 87936 | Tomb:1   | Noticed a greater mummy
 87938 | Tomb:1   | Killed a greater mummy
 87975 | Tomb:1   | Noticed a greater mummy
 87978 | Tomb:1   | Killed a greater mummy
 87994 | Tomb:1   | Noticed a greater mummy
 87996 | Tomb:1   | Killed a greater mummy
 88008 | Tomb:1   | Noticed a greater mummy
 88010 | Tomb:1   | Noticed a greater mummy
 88010 | Tomb:1   | Killed a greater mummy
 88011 | Tomb:1   | Noticed a greater mummy
 88050 | Tomb:1   | Killed a greater mummy
 88060 | Tomb:1   | Killed a greater mummy
 88117 | Tomb:1   | Noticed a greater mummy
 88119 | Tomb:1   | Killed a greater mummy
 88148 | Tomb:1   | Noticed a greater mummy
 88151 | Tomb:1   | Killed a greater mummy
 88217 | Tomb:1   | Noticed a greater mummy
 88220 | Tomb:1   | Killed a greater mummy
 88222 | Tomb:1   | Noticed a greater mummy
 88223 | Tomb:1   | Noticed a greater mummy
 88223 | Tomb:1   | Killed a greater mummy
 88223 | Tomb:1   | Killed a greater mummy
 88242 | Tomb:1   | Killed a greater mummy
 88246 | Tomb:1   | Noticed a greater mummy
 88256 | Tomb:1   | Killed a greater mummy
 88290 | Tomb:1   | Noticed a greater mummy
 88293 | Tomb:1   | Killed a greater mummy
 88375 | Tomb:2   | Reached skill level 5 in Shields
 88504 | Tomb:3   | Entered Level 3 of the Tomb of the Ancients
 88516 | Tomb:3   | Noticed an ancient lich
 88517 | Tomb:3   | Killed an ancient lich
 88520 | Tomb:3   | Noticed a greater mummy
 88521 | Tomb:3   | Noticed a greater mummy
 88521 | Tomb:3   | Killed a greater mummy
 88521 | Tomb:3   | Killed a greater mummy
 88523 | Tomb:3   | Killed a greater mummy
 88563 | Tomb:3   | Noticed a greater mummy
 88566 | Tomb:3   | Killed a greater mummy
 88588 | Tomb:3   | Identified the amulet of Obsession {Inacc rC+ Int+2} (You found it on level 2 of the Tomb of the Ancients)
 88615 | Tomb:3   | Noticed a greater mummy
 88618 | Tomb:3   | Killed a greater mummy
 88636 | Tomb:3   | Noticed a greater mummy
 88641 | Tomb:3   | Killed a greater mummy
 88678 | Tomb:3   | Gained mutation: Your magical capacity is low. (-10% MP) [mutagenic glow]
 88692 | Tomb:3   | Noticed a greater mummy
 88695 | Tomb:3   | Killed a greater mummy
 88733 | Tomb:3   | Noticed an ancient lich
 88736 | Tomb:3   | Killed an ancient lich
 88946 | Tomb:3   | Lost mutation: Your magical capacity is low. (-10% MP) [potion of cure mutation]
 88946 | Tomb:3   | Lost mutation: You are somewhat resistant to further mutation. [potion of cure mutation]
 88946 | Tomb:3   | Lost mutation: Potions and wands are less effective at restoring your health. [potion of cure mutation]
 89015 | Tomb:3   | Got a golden rune of Zot
 89178 | Tomb:3   | Got a brightly glowing buckler
 89189 | Tomb:3   | Identified the +1 buckler "Loedaiph" {rElec rN+ MR+} (You found it on level 3 of the Tomb of the Ancients)
 89205 | Tomb:3   | Got a warped rapier
 89206 | Tomb:3   | Identified the cursed +3 rapier of Purpose {pierce, SInv} (You found it on level 3 of the Tomb of the Ancients)
 90104 | Zot:1    | Entered Level 1 of the Realm of Zot
 90234 | Zot:2    | Identified the +1 chain mail of the Harp {+Blink rF- Int+4} (You found it in Pandemonium)
 91043 | Zot:3    | Noticed an orb of fire
 91350 | Zot:4    | Noticed an orb of fire
 91355 | Zot:4    | Killed an orb of fire
 91703 | Zot:4    | Noticed an orb of fire
 91706 | Zot:4    | Killed an orb of fire
 91911 | Zot:5    | Entered Level 5 of the Realm of Zot
 92132 | Zot:5    | Noticed an orb of fire
 92143 | Zot:5    | Killed an orb of fire
 92283 | Zot:5    | Noticed an ancient lich
 92283 | Zot:5    | Killed an ancient lich
 92301 | Zot:5    | Noticed an ancient lich
 92305 | Zot:5    | Killed an ancient lich
 92314 | Zot:5    | Noticed an orb of fire
 92319 | Zot:5    | Killed an orb of fire
 92328 | Zot:5    | Noticed an orb of fire
 92339 | Zot:5    | Killed an orb of fire
 92494 | Zot:5    | Got the Orb of Zot
 92588 | Zot:3    | Killed an orb of fire
 92756 | Depths:5 | Noticed Ruitul the pandemonium lord
 92758 | Depths:5 | Killed Ruitul the pandemonium lord
 93068 | D:15     | Gained mutation: Armour fits poorly on your strangely shaped body. [mutagenic glow]
 93391 | D:3      | Noticed Tiluadism the pandemonium lord
 93444 | D:3      | Gained mutation: You passively map a small area around you. [mutagenic glow]
 93445 | D:3      | Killed Tiluadism the pandemonium lord
 93508 | D:3      | Gained mutation: You occasionally shout uncontrollably at your foes. [mutagenic glow]
 93620 | Zig:1    | Entered Level 1 of a ziggurat
 93671 | Zig:2    | Entered Level 2 of a ziggurat
 93762 | Zig:3    | Entered Level 3 of a ziggurat
 93847 | Zig:4    | Entered Level 4 of a ziggurat
 93879 | Zig:4    | Identified a +3 rod of ignition (9/9) (You found it on level 3 of a ziggurat)
 93895 | Zig:5    | Entered Level 5 of a ziggurat
 93917 | Zig:5    | Noticed Erirey the pandemonium lord
 93928 | D:$      | Escaped with the Orb!

Vault maps used:
D:1:      evilmike_arrival_run_for_it
D:2:      nemelex_deck, ecumenical_altar_1, kennysheep_generic_room_11
D:3:      uniq_iyjb
D:4:      nicolae_overflow_crystal_walls, okawaru_altar_gauntlet_db,
          kennysheep_mini_moat, temple_fountains, serial_forest,
          infiniplex_forest_lined_room_2, infiniplex_forest_straight_3,
          infiniplex_forest_straight_3, infiniplex_forest_clump_small,
          infiniplex_forest_lined_3, infiniplex_forest_lined_corner,
          infiniplex_forest_end_2, nicolae_tso_swordbearing_angel
D:5:      first_bread
D:6:      tgw_xom, gammafunk_temple_overflow_statue
D:7:      the_bakery, st_stairs_14
D:8:      enter_bailey_2, kennysheep_generic_room_16
D:9:      david_lair_generic, serial_glass, glass_columns_b, glass_columns_c,
          feat_on_display, hangedman_abyss_or_decor_lesser_grid, uniq_joseph
D:10:     uniq_gastronok
D:11:     kennysheep_big_flooded_room, david_orc_5, uniq_harold
D:13:     david_vaults_2, uniq_josephine, uniq_sonja
D:14:     serial_aquarium, aquarium_bridge_square, aquarium_bridge_straight,
          aquarium_window_double, aquarium_window_corner, aquarium_window_1,
          aquarium_view_2c, aquarium_pool_split, kennysheep_pointless_box,
          grunt_ministairs_11, dk_noncrumbling_4
D:15:     gammafunk_enter_depths_forms, serial_shops, nicolae_shop_stone, shop,
          minmay_misc_feat_secret_circle, door_vault
Temple:   water_room_temple_b_12
Lair:2:   dragon1_lemuel, nicolae_lair_grove_arrangements, serial_bayou_shore_a,
          uniq_urug
Lair:3:   st_stairs_8, beast_lair_carwin_4, lemuel_fruit_fields
Lair:4:   elwin_shoals_entry_rooms, guppyfry_snake_entry_garden,
          grunt_megastairs_2, lemuel_fruit_fields
Lair:5:   portal_ice_cave_entry_pillars_02
Lair:6:   enter_volcano_1
Lair:7:   infiniplex_staircase_pool, uniq_nessos
Lair:8:   minmay_lair_end_enchanted_forest, slime_dummy, tgw_fedhas
Shoals:2: lemuel_oklob_altar, uniq_polyphemus
Shoals:3: serial_shops, shop, nicolae_shop_statue_plus, shop,
          nicolae_shoals_kraken_intersection
Shoals:4: shoals_end_grunt_ice, shoal_ilsuiw
Snake:1:  uniq_louise, uniq_aizul
Snake:3:  serial_shops, nicolae_shop_behind_doors, uniq_donald
Snake:4:  johnstein_snake_rune_scales, basic_altar, grunt_megastairs_1
Slime:2:  cheibrodos_slime_lost_civilization_6
Slime:3:  cheibrodos_slime_lost_civilization_3
Slime:5:  dissolution_awaits
Orc:3:    basic_altar, serial_shops, shop, minmay_orc_treasury
Orc:4:    grunt_orc_cross, nicolae_orc_pool_cavern, nicolae_orc_stony_grotto,
          nicolae_orc_sculptors_studio, nooodl_orcs_dogs
Elf:1:    minmay_elf_arrival_circle, minmay_elf_demonology
Elf:2:    serial_shops, shop, fake_guardian_serpent_vault
Elf:3:    minmay_elf_hall_x, basic_stair_grate_trap
Vaults:1: st_hourglassy, nicolae_vaults_big_ls,
          nicolae_vaults_diagonal_hallway_7,
          vaults_standard_mumra_enter_the_diamond, ontoclasm_vaults_hangar,
          nicolae_vaults_stairing_the_circle, v_misc_18, vaults_room_door_hall,
          dpeg_vaults_monster_row, ontoclasm_vaults_ring_small
Vaults:2: v_misc_5, minmay_crypt_entry_skeletal_spiral, v_rooms_5,
          grunt_vaults_bifocal, nicolae_vaults_windows_and_doors_thing,
          nicolae_vaults_asterisk, hangedman_vaults_stream, v_rooms_4,
          vaults_room_pool, ontoclasm_vaults_eye, vaults_dpeg_ring,
          serial_shops, shop, uniq_jorgrun, uniq_margery
Vaults:3: nicolae_vaults_angled_halls, v_rooms_2, hangedman_vaults_stagger,
          vaults_room_pools, nicolae_vaults_sealed_display,
          ontoclasm_vaults_gallery, hangedman_vaults_hat,
          hangedman_vaults_capsules, vaults_mumra_chevron, v_pattern_4,
          uniq_frederick
Vaults:4: hangedman_vaults_nodes, grunt_vaults_twisty, ontoclasm_vaults_fault,
          v_pattern_5, nicolae_vaults_little_squares_1, vaults_room_corners,
          vaults_standard_mumra_enter_the_diamond,
          nicolae_vaults_border_crossing, ontoclasm_vaults_misaligned,
          nicolae_vaults_rhombus_5, serial_shops, shop
Crypt:1:  lemuel_vampire_tower
Crypt:2:  grunt_megastairs_4
Crypt:3:  lightli_unholy_cathedral, tomb_entry_shell_bobbens, uniq_xtahua
Tomb:1:   uniq_khufu
Depths:1: serial_shops, kennysheep_little_box, nicolae_ashenzari_panopticon,
          hell_entry, kennysheep_crisscross, solitary_fountain,
          minmay_protected_statue
Depths:2: hangedman_cross_veins, nicolae_abyss_entry_one_way_or_another,
          grunt_hell_entry_dis_grunt, serial_bayou, serial_bayou_shore_b,
          serial_bayou_pond_c, serial_bayou_pond_b, serial_bayou_pond_c,
          patterned_corridor
Depths:3: hangedman_crystal_crosses_colossus, pan_entry, hell_entry,
          serial_shops
Depths:4: giant_chief_lemuel, enter_ziggurat_b, abyss_entry_flame_altar,
          hell_entry, hangedman_decor_opposing, infiniplex_staircase_zigzag_2,
          grunt_megastairs_3
Depths:5: grunt_zot_entry_hairpin, grunt_hell_horde, minmay_misc_feat_iff,
          serial_shops, shop, nicolae_shop_temple_entry_statues_fountains
Dis:3:    evilmike_ambush
Dis:5:    grunt_megastairs_5
Dis:7:    iron_city_of_dis
Geh:7:    geh_hangedman
Coc:7:    coc_dpeg
Tar:3:    hangedman_tartarus_temple_path, hangedman_restless_catacombs
Tar:7:    tar_minmay_river
Zot:2:    lemuel_draconian_sentries_small
Zot:3:    st_large_dragon_hoard_1, lemuel_elevator
Abyss:2:  evilmike_abyss_exit_glass, hangedman_abyss_lost_library
Abyss:3:  guppyfry_abyss_exit_glass_guarded, evilmike_abyss_exit_15
Abyss:4:  hangedman_abyss_monster_moat, minivault_4, minivault_13,
          nicolae_abyss_rune_left_handed, small_statue_intersection,
          hangedman_abyss_or_decor_clamps
Abyss:5:  evilmike_abyss_exit_9, hangedman_stitches_earthworm,
          evilmike_nicolae_abyss_rune_betentacled_crabyss
Pan:      evilmike_mini_pan_pillars, evilmike_mini_pan_corridor,
          regret_index_pan_draining_boxed, pan_blood_fountain_small,
          nicolae_pan_gloorx_vloqian_4, evilmike_mini_pan_T,
          pan_blood_fountain_2, nicolae_pan_door_chamber,
          nicolae_pan_gloorx_vloqian_1, rand_demon_3, pan_blood_fountain_small,
          nicolae_pan_sick_transit, nicolae_pan_cerebovesque_1,
          nicolae_pan_glass_arcs, nicolae_pan_sigil_nadil,
          nicolae_pan_cerebovesque_2, rand_demon_6, pan_blood_fountain_small,
          nicolae_pan_mnolegish_2, evilmike_mini_pan_diamond, rand_demon_7,
          rand_demon_4, rand_demon_3, grunt_pan_pentagram,
          pan_blood_fountain_small, nicolae_pan_diamonds, rand_demon_5,
          reaverb_pan_squares, evilmike_mini_pan_V, evilmike_mini_pan_pillars_b,
          gloorx_vloq_grunt, mnoleg_st, nicolae_pan_lom_lobonic_3,
          evilmike_holy_pan, evilmike_mini_pan_possible_glass, rand_demon_5,
          grunt_pan_spiral, pan_blood_fountain_small, nicolae_pan_sigil_itan,
          nicolae_pan_gloorx_vloqian_4, nicolae_pan_giant_door, rand_demon_1,
          nicolae_pan_sigil_obb, rand_demon_4, evilmike_mini_pan_doors,
          evilmike_mini_pan_V, pan_blood_fountain, grunt_pan_pentagram,
          lom_lobon_spiral_st, evilmike_mini_pan_pillars_b,
          reaverb_pan_chaos_star, rand_demon_8, nicolae_pan_sigil_itan,
          cerebov_grunt, reaverb_pan_figure_eight
Zig:7:    ziggurat_pillar_centre_c
Zig:10:   ziggurat_pillar_centre_dead_trees
Zig:15:   ziggurat_pillar_centre_oklobs
Zig:19:   ziggurat_pillar_centre_smoke
Zig:24:   ziggurat_loot_1
IceCv:    ice_cave_statue_garden_01
Volcano:  volcano_tomb

Skill      XL: |  1  2  3  4  5  6  7  8  9 10 11 12 13 14 15 16 17 18 19 20 21 22 23 24 25 26 27 |
---------------+----------------------------------------------------------------------------------+-----
Conjurations   | 5 6 7 10 16 17 19 20 22 27 | 27.0
Spellcasting   | 5 8 10 12 13 15 17 19 20 22 24 25 26 27 | 27.0
Shields        | 1 7 |  7.7
Fighting       | 1 5 7 9 12 26 | 26.6
Dodging        | 5 27 | 27.0
Fire Magic     | 1 5 10 13 15 17 19 20 22 27 | 27.0
Necromancy     | 5 10 12 13 16 18 27 | 27.0
Summonings     | 1 7 13 14 | 14.2
Evocations     | 3 7 9 12 13 20 | 20.0
Charms         | 1 9 11 13 | 13.8
Air Magic      | 3 7 9 24 | 24.4
Transmutations | 12 16 | 16.7
Armour         | 17 | 17.0
Stealth        | 21 | 21.2
Earth Magic    | 16 | 16.6

Action                   |  1- 3 |  4- 6 |  7- 9 | 10-12 | 13-15 | 16-18 | 19-21 | 22-24 | 25-27 || total
-------------------------+-------+-------+-------+-------+-------+-------+-------+-------+-------++-------
Melee: Dagger            |       |    60 |    24 |    11 |       |       |       |       |       ||    95
       Staff             |       |       |       |       |     4 |       |       |       |       ||     4
       Dagger            |       |       |       |       |    51 |       |       |       |       ||    51
       Staff             |       |       |       |       |    10 |     2 |     3 |     4 |    35 ||    54
       Double sword      |       |       |       |       |       |       |       |       |     1 ||     1
 Fire: Hand crossbow     |       |       |       |    13 |       |       |       |       |       ||    13
Throw: Throwing net      |       |       |     2 |     2 |     3 |       |       |       |       ||     7
 Cast: Magic Dart        |    69 |   154 |   116 |   123 |     4 |       |       |       |       ||   466
       Dazzling Spray    |       |    22 |    53 |    87 |     6 |       |       |       |       ||   168
       Fulminant Prism   |       |       |    34 |   155 |    24 |       |       |       |       ||   213
       Sublimation of Bl |       |       |       |     9 |    34 |       |       |       |       ||    43
       Bolt of Draining  |       |       |       |    81 |    71 |       |       |       |       ||   152
       Regeneration      |       |       |       |     5 |    25 |       |       |       |       ||    30
       Fireball          |       |       |       |     4 |   180 |       |       |       |       ||   184
       Delayed Fireball  |       |       |       |     1 |    17 |       |       |       |       ||    18
       Iskenderun's Batt |       |       |       |       |     1 |       |       |       |       ||     1
       Fireball          |       |       |       |       |   205 |   212 |   459 |   396 |   197 ||  1469
       Magic Dart        |       |       |       |       |    64 |     2 |    10 |       |       ||    76
       Bolt of Draining  |       |       |       |       |    24 |    86 |   126 |    69 |    43 ||   348
       Regeneration      |       |       |       |       |    16 |    32 |    13 |    24 |    90 ||   175
       Delayed Fireball  |       |       |       |       |    15 |    21 |    19 |    12 |    11 ||    78
       Dazzling Spray    |       |       |       |       |     9 |       |       |       |       ||     9
       Spellforged Servi |       |       |       |       |    35 |   100 |    88 |    55 |   217 ||   495
       Orb of Destructio |       |       |       |       |    12 |    44 |    73 |    99 |   168 ||   396
       Cure Poison       |       |       |       |       |       |     2 |       |       |       ||     2
       Deflect Missiles  |       |       |       |       |       |     6 |     2 |     4 |    10 ||    22
       Haste             |       |       |       |       |       |     4 |    17 |    20 |   211 ||   252
       Fire Storm        |       |       |       |       |       |       |       |    61 |  1388 ||  1449
       Necromutation     |       |       |       |       |       |       |       |     8 |   245 ||   253
       Blink             |       |       |       |       |       |       |       |       |    72 ||    72
       Death's Door      |       |       |       |       |       |       |       |       |     5 ||     5
       Lehudib's Crystal |       |       |       |       |       |       |       |       |  1222 ||  1222
       Tornado           |       |       |       |       |       |       |       |       |     3 ||     3
 Abil: Evoke Flight      |       |       |       |     2 |       |       |       |       |       ||     2
       Release Delayed F |       |       |       |     1 |    16 |       |       |       |       ||    17
       Release Delayed F |       |       |       |       |    15 |    21 |    20 |    11 |     9 ||    76
       Evoke Flight      |       |       |       |       |       |     3 |       |       |     3 ||     6
       End Transformatio |       |       |       |       |       |       |       |     1 |    47 ||    48
       Evoke Blink       |       |       |       |       |       |       |       |       |     1 ||     1
Evoke: Club              |       |       |       |     2 |       |       |       |       |       ||     2
       Hammer            |       |       |       |     1 |     1 |       |       |       |       ||     2
       Staff of energy   |       |       |       |       |   114 |   345 |   506 |   518 |  4782 ||  6265
       Wand              |       |       |       |       |     8 |       |     3 |       |    31 ||    42
       Fan of gales      |       |       |       |       |       |       |       |     1 |     3 ||     4
       Crystal ball of e |       |       |       |       |       |       |       |    38 |    88 ||   126
       Phantom mirror    |       |       |       |       |       |       |       |       |     7 ||     7
       Disc of storms    |       |       |       |       |       |       |       |       |     5 ||     5
       Staff of Dispater |       |       |       |       |       |       |       |       |     2 ||     2
       Figurine of a zig |       |       |       |       |       |       |       |       |     2 ||     2
  Use: Scroll            |       |     5 |    13 |    13 |    14 |       |       |       |       ||    45
       Potion            |       |       |     3 |     2 |    10 |       |       |       |       ||    15
       Scroll            |       |       |       |       |     8 |    13 |    16 |    21 |   120 ||   178
       Potion            |       |       |       |       |     5 |       |     1 |     7 |    45 ||    58
 Stab: Invisible         |       |       |       |     1 |       |       |       |       |       ||     1
       Distracted        |       |       |       |       |       |       |       |       |     1 ||     1
  Eat: Chunk             |     1 |    10 |     9 |    18 |     5 |       |       |       |       ||    43
       Beef jerky        |       |       |       |     5 |     1 |       |       |       |       ||     6
       Fruit             |       |       |       |     5 |       |       |       |       |       ||     5
       Pizza             |       |       |       |     3 |     1 |       |       |       |       ||     4
       Bread ration      |       |       |       |     1 |     2 |       |       |       |       ||     3
       Chunk             |       |       |       |       |    10 |    11 |    30 |    17 |    19 ||    87
       Fruit             |       |       |       |       |    17 |    31 |    15 |     3 |     6 ||    72
       Beef jerky        |       |       |       |       |     2 |     1 |       |     1 |     2 ||     6
       Pizza             |       |       |       |       |     2 |       |     2 |     1 |     3 ||     8
       Meat ration       |       |       |       |       |     1 |       |       |       |     2 ||     3
       Bread ration      |       |       |       |       |       |       |     4 |     9 |    21 ||    34
Armor: Leather armour    |       |       |       |       |    70 |    35 |       |       |   386 ||   491
       Robe              |       |       |       |       |       |    10 |    22 |    25 |    66 ||   123
       Chain mail        |       |       |       |       |       |       |       |       |     3 ||     3
Dodge: Dodged            |       |       |       |       |   107 |   109 |    93 |   141 |  1376 ||  1826
       Deflected         |       |       |       |       |       |    20 |    52 |    28 |   102 ||   202
Block: Buckler           |       |       |       |       |    20 |    35 |    28 |    26 |   490 ||   599
       Reflection        |       |       |       |       |       |       |       |     3 |    22 ||    25
